Cogmind - Beta 9.6 @@@ ROGUE MODE // 2020.04.25 @ 23:36:08 Player: alice_fexa Result: Destroyed Tau Ceti IV! Performance ------------- Evolutions (9) 4500 Regions Visited (35) 7000 Robots Destroyed (280) 1400 Value Destroyed (10438) 10438 Prototype IDs (162) 3240 Alien Tech Used (9) 1800 Bonus (36040) 36040 TOTAL SCORE: 64418 Bonus ------- High Alert Combat Kills 840 Aligned with FarCom 300 Met Data Miner 300 Met Imprinter 300 Met Zhirov 300 Hacked Protovariant 500 Met MAIN.C 5000 Destroyed MAIN.C Shell 5000 Destroyed MAIN.C 10000 Met Architect 300 Started Test 138-B 500 Started Test 138-C 8000 Destroyed A8 300 Destroyed A6 400 Destroyed A2 1000 Win 3000 Cogmind --------- Core Integrity 112/1850 Matter 141/425 Energy 1061/2100 System Corruption 12% Temperature Cool (2) Movement Flying (35) Location Subspace Parts ------- > --- POWER (1) -------- (None) > --- PROPULSION (2) --- Electron Diverter > --- UTILITY (20) ----- Large Storage Unit Superbattery Dimensional Manipulator Experimental Melee Analysis Suite Experimental Melee Analysis Suite Experimental Core Analyzer Advanced Armor Integrity Analyzer Femtoactuators > --- WEAPON (2) ------- Nanosword Plasma Lance > --- INVENTORY (10) --- Improved Quantum Reactor Experimental Matter Compressor (500) Microactuators Experimental Actuator Array Advanced Force Field Transdimensional Reconstructor Sigix Broadsword Peak State ------------ > --- POWER ------------ Mini Fusion Reactor > --- PROPULSION ------- Electron Diverter Improved Q-thruster > --- UTILITY ---------- Improved Fusion Compressor Medium Storage Unit Large Storage Unit Large Storage Unit Superbattery Dimensional Manipulator Dimensional Manipulator Dimensional Manipulator Experimental Signal Interpreter Experimental Melee Analysis Suite Experimental Melee Analysis Suite Experimental Melee Analysis Suite Experimental Melee Analysis Suite Experimental Armor Integrity Analyzer Femtoactuators Experimental Actuator Array Advanced Reaction Control System Centrium Medium Armor Plating Advanced Powered Armor Experimental Force Field > --- WEAPON ----------- Plasma Lance Plasma Lance > --- INVENTORY -------- Reinforced Antimatter Reactor Mini Fusion Reactor Mini Fusion Reactor Light Quantum Reactor Cesium-ion Thruster Electron Diverter Electron Diverter Electron Diverter Advanced Heat Sink Experimental Matter Compressor Experimental Sensor Array Microactuators Advanced Reaction Control System Layered Medium Armor Plating Advanced Powered Armor Transdimensional Reconstructor Transdimensional Reconstructor Integrity Redistributor Sigix Broadsword [Rating: 215] Favorites ----------- Power Mini Fusion Reactor Engine Heavy Ion Engine Power Core Light Fission Core Reactor Mini Fusion Reactor Propulsion Experimental Cesium-ion Thruster Treads Armored Treads Wheel Wheel Flight Unit Experimental Cesium-ion Thruster Utility Advanced Hacking Suite Device Dimensional Manipulator Storage Medium Storage Unit Processor Experimental Melee Analysis Suite Hackware Advanced Hacking Suite Protection Improved Light Armor Plating Artifact Phase Redirector Weapon Plasma Lance Energy Gun Improved Medium Laser Energy Cannon Cooled Nova Cannon Ballistic Gun Autogun Launcher Rocket Launcher Impact Weapon Gravity Flail Slashing Weapon Plasma Sword Piercing Weapon Plasma Lance Special Melee Weapon Datajack Build | -11 -10 -10 -9 -9 -9 -8 -8 -7 -7 -7 -7 -6 -6 -6 -6 -6 -5 -5 -5 -5 -5 -4 -4 -4 -4 -4 -3 -3 -3 -2 -2 -2 -1 -1 -1 ------- Run | Scr Mat Min Mat Min Exi Min Mat Fac Low Low Zio Pro Fac Low Low Dat Pro Fac Upp Upp War Pro Fac Upp Upp Zhi Pro Res Qua Res Tes Sec Acc Com Ac0 Slots Evolved 18 | . . . 2 . . . 2 2 . . . . 2 . . . . 2 . . . . 2 . . . . 2 . 2 . . 2 . . Power . | . . . . . . . . . . . . . . . . . . . . . . . . . . . . . . . . . . . . Propulsion . | . . . . . . . . . . . . . . . . . . . . . . . . . . . . . . . . . . . . Utility 18 | . . . 2 . . . 2 2 . . . . 2 . . . . 2 . . . . 2 . . . . 2 . 2 . . 2 . . Weapon . | . . . . . . . . . . . . . . . . . . . . . . . . . . . . . . . . . . . . Parts Attached 328 | 7 9 7 32 3 7 8 19 18 . . 1 . 13 1 . . 1 21 2 . 3 . 14 . 3 2 3 27 7 11 20 28 10 36 15 Power 34 | 1 3 3 6 . . 2 3 2 . . 1 . 4 1 . . . 1 . . . . 1 . . . . 1 . 1 1 1 . . 2 Engine 15 | 1 3 3 6 . . . . 1 . . 1 . . . . . . . . . . . . . . . . . . . . . . . . Core 12 | . . . . . . 2 3 1 . . . . 4 1 . . . 1 . . . . . . . . . . . . . . . . . Reactor 7 | . . . . . . . . . . . . . . . . . . . . . . . 1 . . . . 1 . 1 1 1 . . 2 Propulsion 44 | 2 1 1 8 2 . 4 3 4 . . . . 2 . . . . . . . 1 . . . 1 1 . 2 . 1 3 3 1 1 3 Treads 10 | 1 . . 5 1 . 1 2 . . . . . . . . . . . . . . . . . . . . . . . . . . . . Leg . | . . . . . . . . . . . . . . . . . . . . . . . . . . . . . . . . . . . . Wheel 11 | 1 1 1 3 1 . 3 1 . . . . . . . . . . . . . . . . . . . . . . . . . . . . Hover . | . . . . . . . . . . . . . . . . . . . . . . . . . . . . . . . . . . . . Flight 23 | . . . . . . . . 4 . . . . 2 . . . . . . . 1 . . . 1 1 . 2 . 1 3 3 1 1 3 Utility 167 | 1 5 . 7 . 4 . 6 9 . . . . 7 . . . 1 15 . . 2 . 9 . . 1 . 15 6 4 11 18 9 29 8 Device 69 | . 1 . 4 . 2 . 1 2 . . . . 3 . . . 1 5 . . 1 . 1 . . 1 . 7 3 2 8 7 3 13 4 Storage 19 | 1 4 . . . . . . 1 . . . . 1 . . . . . . . . . 2 . . . . 4 . . 1 3 1 . 1 Processor 17 | . . . . . . . 1 2 . . . . . . . . . 2 . . . . . . . . . 1 . 2 1 . 4 3 1 Hackware 23 | . . . . . . . 2 3 . . . . 2 . . . . 8 . . . . 2 . . . . 1 1 . . 1 1 2 . Protection 38 | . . . 3 . 2 . 2 1 . . . . 1 . . . . . . . 1 . 4 . . . . 2 1 . 1 7 . 11 2 Artifact 1 | . . . . . . . . . . . . . . . . . . . . . . . . . . . . . 1 . . . . . . Weapon 83 | 3 . 3 11 1 3 2 7 3 . . . . . . . . . 5 2 . . . 4 . 2 . 3 9 1 5 5 6 . 6 2 Energy Gun 20 | 2 . 3 10 . 2 1 2 . . . . . . . . . . . . . . . . . . . . . . . . . . . . Energy Cannon 7 | . . . . . . . . . . . . . . . . . . . . . . . . . . . . . . . 2 3 . 2 . Ballistic Gun 6 | 1 . . 1 1 . . 3 . . . . . . . . . . . . . . . . . . . . . . . . . . . . Ballistic Cannon . | . . . . . . . . . . . . . . . . . . . . . . . . . . . . . . . . . . . . Launcher 8 | . . . . . . 1 1 . . . . . . . . . . 1 1 . . . . . 1 . 1 2 . . . . . . . Special Weapon . | . . . . . . . . . . . . . . . . . . . . . . . . . . . . . . . . . . . . Impact Weapon 2 | . . . . . . . . . . . . . . . . . . 1 . . . . . . . . . . . 1 . . . . . Slashing Weapon 15 | . . . . . . . 1 . . . . . . . . . . 1 1 . . . 1 . 1 . 1 5 . 2 1 . . . 1 Piercing Weapon 15 | . . . . . . . . 2 . . . . . . . . . 1 . . . . 1 . . . . . . 1 2 3 . 4 1 Special Melee Weapon 10 | . . . . . 1 . . 1 . . . . . . . . . 1 . . . . 2 . . . 1 2 1 1 . . . . . Unidentified Prototypes 26 | . . . . . . . 1 1 . . . . 1 . . . . 1 . . 2 . 2 . . 1 . 3 1 1 4 4 . 4 . Parts Lost 46 | . 1 3 1 2 . 2 1 1 . . . . . . . . . . . . . . 1 . . . . 1 . . . 1 . 10 22 Power 7 | . 1 1 . . . . 1 1 . . . . . . . . . . . . . . . . . . . . . . . . . . 3 Propulsion 8 | . . 1 . 1 . 1 . . . . . . . . . . . . . . . . . . . . . . . . . 1 . . 4 Utility 25 | . . . 1 . . . . . . . . . . . . . . . . . . . 1 . . . . 1 . . . . . 9 13 Weapon 6 | . . 1 . 1 . 1 . . . . . . . . . . . . . . . . . . . . . . . . . . . 1 2 Highest Loss Streak 13 | . 1 2 1 2 . 2 1 1 . . . . . . . . . . . . . . 1 . . . . 1 . . . 1 . 6 13 Average Slot Usage (%) 99 | . 99 97 100 99 100 99 99 99 100 100 100 100 99 100 100 96 100 98 100 100 100 100 98 100 100 100 99 98 99 97 99 99 99 98 82 Engine 2 | . 13 12 11 11 11 . . . 7 7 7 7 . . . . . . . . . . . . . . . . . . . . . . . Core 2 | . . . . . . 10 8 6 . . . . 5 6 6 6 6 4 5 5 5 5 . . . . . . . . . . . . . Reactor 1 | . . . . . . . . . . . . . . . . . . . . . . . 4 5 5 5 5 4 4 4 4 4 4 4 3 Treads 3 | . 14 14 11 12 11 12 9 . . . . . . . . . . . . . . . . . . . . . . . . . . . . Wheel 2 | . 14 12 11 8 11 9 9 . . . . . . . . . . . . . . . . . . . . . . . . . . . . Flight 7 | . . . . . . . . 14 15 15 15 15 13 13 13 13 13 11 11 11 11 11 10 10 10 10 10 9 9 8 8 8 8 8 7 Device 13 | . . . 11 11 11 11 10 7 7 7 7 7 7 13 13 9 13 11 11 11 11 11 11 10 10 10 10 17 19 20 20 21 25 29 24 Storage 12 | . 27 28 22 22 22 22 18 7 7 7 7 7 6 6 6 6 6 5 5 5 5 5 6 10 10 10 10 10 14 13 13 13 12 15 11 Processor 7 | . . . . . . . 6 6 7 7 7 7 6 6 6 6 6 5 5 5 5 5 5 5 5 5 5 5 9 10 13 13 20 23 26 Hackware 21 | . . . . . . . 9 29 30 30 30 30 37 33 33 33 33 38 41 41 41 41 37 36 36 36 36 31 28 26 26 26 17 4 . Protection 6 | . . . 11 11 10 11 9 6 7 7 7 7 5 6 6 6 6 5 5 5 5 5 8 10 10 10 10 7 3 4 4 3 4 4 2 Energy Gun 3 | . 14 18 14 11 5 11 8 . . . . . . . . . . . . . . . . . . . . . . . . . . . . Ballistic Gun 2 | . 14 9 7 11 11 6 8 . . . . . . . . . . . . . . . . . . . . . . . . . . . . Slashing Weapon 1 | . . . . . . . . 2 . . . . . . . . . 1 4 5 5 5 4 5 5 5 4 3 4 4 . . . . . Piercing Weapon 3 | . . . . . . . . 4 7 7 7 7 6 6 6 6 6 3 . . . . . . . . . . . 1 7 7 8 7 7 Special Melee Weapon 2 | . . . . . 5 . . 6 7 7 7 7 6 6 6 6 6 4 5 5 5 5 5 5 5 5 4 3 4 2 . . . . . Naked Turns . | . . . . . . . . . . . . . . . . . . . . . . . . . . . . . . . . . . . . Heaviest Build 104 | 13 71 73 85 84 84 84 86 16 16 16 16 15 25 23 22 22 22 24 24 23 23 23 32 32 32 32 32 41 38 40 60 61 70 104 94 Greatest Support 104 | 20 16 20 20 40 10 40 20 18 16 16 16 16 25 24 24 24 24 24 24 24 25 25 32 32 33 33 32 57 41 41 66 66 72 104 104 Greatest Overweight (x) 8 | 1 7 7 7 8 8 8 8 . . . . . . . . . . . . . . . . . . . . . . . 1 . . 1 . Average Overweight (x) . | . 4 6 5 7 7 6 6 . . . . . . . . . . . . . . . . . . . . . . . . . . . . Largest Inventory Capacity 22 | 6 20 20 20 20 20 20 20 22 6 6 6 6 8 8 8 8 8 8 8 8 8 8 12 12 12 12 12 16 16 16 16 20 20 20 16 Average Capacity 14 | 5 16 20 20 20 20 20 20 6 6 6 6 6 6 8 8 8 8 8 8 8 8 8 9 12 12 12 12 13 16 16 16 17 20 19 15 Most Carried 20 | 4 20 20 20 20 20 20 20 20 6 6 6 6 8 8 8 8 8 8 8 8 8 8 12 12 12 12 12 16 16 16 16 20 20 20 16 Average Carried 13 | 2 13 19 19 19 19 19 19 5 6 6 5 6 6 8 8 8 7 7 8 8 8 8 8 12 12 11 11 12 15 15 15 17 19 18 13 Final Capacity 20 | 6 20 20 20 20 20 20 20 6 6 6 6 6 8 8 8 8 8 8 8 8 8 8 12 12 12 12 12 16 16 16 16 20 20 16 10 Final Carried 20 | 4 20 20 20 20 20 20 20 6 6 6 6 6 8 8 8 8 8 8 8 8 8 8 12 12 12 12 12 15 16 16 16 20 20 16 8 Class Distribution -------------------- 45% | Wizard-Sprinter 24% | Hauler-Mutant 17% | Hacker-Sprinter 9% | Machinist-Sprinter Dominant Class ---------------- Hauler-Mutant | -10/Materials Hauler-Mutant | -10/Mines Hauler-Mutant | -9/Materials Hauler-Mutant | -9/Mines Hauler-Mutant | -9/Exiles Hauler-Mutant | -8/Mines Hauler-Mutant | -8/Materials Hacker-Sprinter | -7/Factory Hacker-Sprinter | -7/Lower Caves Hacker-Sprinter | -7/Lower Caves Hacker-Sprinter | -7/Zion Hacker-Sprinter | -6/Proximity Caves Wizard-Sprinter | -6/Factory Hacker-Sprinter | -6/Lower Caves Hacker-Sprinter | -6/Lower Caves Hacker-Sprinter | -6/Data Miner Hacker-Sprinter | -5/Proximity Caves Wizard-Sprinter | -5/Factory Wizard-Sprinter | -5/Upper Caves Wizard-Sprinter | -5/Upper Caves Wizard-Sprinter | -5/Warlord Wizard-Sprinter | -4/Proximity Caves Wizard-Sprinter | -4/Factory Wizard-Sprinter | -4/Upper Caves Wizard-Sprinter | -4/Upper Caves Wizard-Sprinter | -4/Zhirov Wizard-Sprinter | -3/Proximity Caves Wizard-Sprinter | -3/Research Wizard-Sprinter | -3/Quarantine Wizard-Sprinter | -2/Research Wizard-Sprinter | -2/Testing Wizard-Sprinter | -2/Section 7 Wizard-Sprinter | -1/Access Machinist-Sprinter | -1/Command Machinist-Sprinter | -1/Access_0 Resources | -11 -10 -10 -9 -9 -9 -8 -8 -7 -7 -7 -7 -6 -6 -6 -6 -6 -5 -5 -5 -5 -5 -4 -4 -4 -4 -4 -3 -3 -3 -2 -2 -2 -1 -1 -1 ----------- Run | Scr Mat Min Mat Min Exi Min Mat Fac Low Low Zio Pro Fac Low Low Dat Pro Fac Upp Upp War Pro Fac Upp Upp Zhi Pro Res Qua Res Tes Sec Acc Com Ac0 Matter Collected 6710 | 270 192 125 519 156 . 265 424 136 39 . 10 . 110 30 . . 20 230 114 46 . . 125 38 2 80 48 356 157 110 225 1406 90 1235 152 Remotely . | . . . . . . . . . . . . . . . . . . . . . . . . . . . . . . . . . . . . Salvage Created 14670 | . 503 340 1576 398 . 272 884 173 . . . . 716 . . . 128 504 143 42 . . 371 . 5 114 42 306 486 746 77 2090 881 3633 240 Parts 690 | . 33 15 87 26 . 24 42 17 . . . . 27 . . . 4 22 3 . . . 17 . 2 . 5 17 28 24 5 77 34 157 24 Haulers Intercepted 23 | . 2 . 6 . . . 1 . . . . . 4 . . . . 1 . . . . . . . . . 1 . 1 . 5 2 . . Recyclers Shooed 9 | . 2 . 2 1 . . 1 . . . . . 1 . . . . 1 . . . . . . . . . . . . . 1 . . . Parts Field Recycled . | . . . . . . . . . . . . . . . . . . . . . . . . . . . . . . . . . . . . Retrieved Matter . | . . . . . . . . . . . . . . . . . . . . . . . . . . . . . . . . . . . . Parts Self-Destructed 19 | . . . . . . . . . . . . . . . 7 . 2 . 2 . . . . . 5 . 3 . . . . . . . . Prevented 1 | . . . . . . . . . 1 . . . . . . . . . . . . . . . . . . . . . . . . . . Kills | -11 -10 -10 -9 -9 -9 -8 -8 -7 -7 -7 -7 -6 -6 -6 -6 -6 -5 -5 -5 -5 -5 -4 -4 -4 -4 -4 -3 -3 -3 -2 -2 -2 -1 -1 -1 ------- Run | Scr Mat Min Mat Min Exi Min Mat Fac Low Low Zio Pro Fac Low Low Dat Pro Fac Upp Upp War Pro Fac Upp Upp Zhi Pro Res Qua Res Tes Sec Acc Com Ac0 Combat Hostiles Destroyed 167 | . 9 8 26 8 . 10 12 . . . . . . . . . 1 5 5 . . . . . 1 . 4 8 5 3 . 12 4 43 3 Melee 71 | . . . . . . . . . . . . . . . . . 1 . . . . . . . . . . . 5 3 . 12 4 43 3 Guns 65 | . 7 7 26 8 . 5 12 . . . . . . . . . . . . . . . . . . . . . . . . . . . . AOE 31 | . 2 1 . . . 5 . . . . . . . . . . . 5 5 . . . . . 1 . 4 8 . . . . . . . Classes Destroyed 17 | . 4 1 3 2 . 1 . . . . . . . . . . 1 . . . . . . . 1 . . . 1 . . . . 3 . Worker 8 | . . . 1 1 . . 2 . . . . . 1 . . . . . . . . . 1 . . . . . . 1 . 1 . . . Tunneler 5 | . . . . 2 . 1 . 1 . . . . . . . . . 1 . . . . . . . . . . . . . . . . . Hauler 23 | . 2 . 6 . . . 1 . . . . . 4 . . . . 1 . . . . . . . . . 1 . 1 . 5 2 . . Recycler 16 | . . 1 3 1 . . 1 . . . . . 2 . . . . 2 . . . . 2 . . . . . . 1 . 2 1 . . Operator 15 | . . . 1 . . . 2 1 . . . . 1 . . . . . . . . . 1 . . . . 1 2 1 1 1 1 2 . Watcher 44 | . 3 . 5 . . . 2 4 . . . . 2 . . . . 4 . . . . 3 . . . . 2 2 4 1 5 3 4 . Swarmer 55 | . 3 4 10 3 . 6 . . . . . . . . . . . 5 . . . . . . . . 4 8 . . . . . 12 . Saboteur 1 | . . . . . . . . . . . . . . . . . . . . . . . . . . . . . . . . . . 1 . Grunt 56 | . 6 4 10 4 . 3 5 . . . . . . . . . 1 . 5 . . . . . . . . . 2 . . 2 . 14 . Brawler 2 | . . . . 1 . . . . . . . . . . . . . . . . . . . . . . . . . . . . . 1 . Duelist 3 | . . . . . . . . . . . . . . . . . . . . . . . . . . . . . . . . . . 3 . Protector 1 | . . . . . . . . . . . . . . . . . . . . . . . . . . . . . . . . . . 1 . Sentry 29 | . . . 6 . . . 5 . . . . . . . . . . . . . . . . . . . . . . 2 . 8 4 4 . Hunter 5 | . . . . . . 1 2 . . . . . . . . . . . . . . . . . . . . . . . . 2 . . . Programmer 9 | . . . . . . . . . . . . . . . . . . . . . . . . . . . . . 3 1 . . . 5 . Samaritan 2 | . . . . . . . . . . . . . . . . . 1 . . 1 . . . . . . . . . . . . . . . Master Thief 1 | . . . . . . . . . . . . . . . . . . . . . . . . . 1 . . . . . . . . . . Best Kill Streak 8 | . 3 6 4 3 . 4 4 1 . . . . 2 . . . 1 6 5 . . . 1 . 1 . 4 6 5 2 1 4 3 8 1 Combat Bots Only 8 | . 3 4 4 3 . 4 3 . . . . . . . . . 1 5 5 . . . . . 1 . 4 5 5 1 . 2 2 8 1 Max Kills in Single Turn 6 | . 2 2 1 1 . 2 1 1 . . . . 1 . . . 1 6 1 1 . . 1 . 1 . 2 3 1 1 1 1 1 1 1 Gunslinging 1 | . . 1 . . . . . . . . . . . . . . . . . . . . . . . . . . . . . . . . . Exploded 5 | . 2 1 . . . 2 . . . . . . . . . . . 5 1 . . . . . 1 . 2 3 . . . . . . . Melee 1 | . . . . . . . . . . . . . . . . . 1 . . . . . . . . . . . 1 1 . 1 1 1 1 Uniques/NPCs Destroyed 4 | . . . . . . . . . . . . . . . . . . . . . . . . . . . . . . . . . . 1 3 MAIN.C Shell (-1/Command) MAIN.C (-1/Command) A8 (-1/Access_0) A6 (-1/Access_0) A2 (-1/Access_0) Combat | -11 -10 -10 -9 -9 -9 -8 -8 -7 -7 -7 -7 -6 -6 -6 -6 -6 -5 -5 -5 -5 -5 -4 -4 -4 -4 -4 -3 -3 -3 -2 -2 -2 -1 -1 -1 -------- Run | Scr Mat Min Mat Min Exi Min Mat Fac Low Low Zio Pro Fac Low Low Dat Pro Fac Upp Upp War Pro Fac Upp Upp Zhi Pro Res Qua Res Tes Sec Acc Com Ac0 Damage Taken 13498 | . 279 390 1073 374 . 612 453 255 . 12 . . . 39 . 95 104 13 9 . . . 181 . 310 . . 537 329 22 185 373 230 3326 4297 Core 2791 | . 141 106 150 27 . 74 31 68 . . . . . 7 . 95 29 13 . . . . 45 . 78 . . 138 155 . . 106 51 450 1027 Absorbed by Shields 2038 | . . . . . . . 31 . . . . . . . . . . . . . . . 36 . . . . . . . . . . 836 1135 Core Remaining (%) 69 | 100 . 1 . . . 37 94 . . . . 90 . . . . 84 . . . . 98 . . . . 89 . 77 . . 92 . . 6 Volleys Fired 312 | . 39 20 101 34 . 27 57 . . . . . . . . . . 1 7 . . . . . 1 . 3 4 . . . 6 . 12 . Largest 2 | . 2 2 2 2 . 2 2 . . . . . . . . . . 1 1 . . . . . 1 . 1 1 . . . 1 . 1 . Hottest 130 | . 60 60 130 79 . 79 84 . . . . . . . . . . 80 80 . . . . . 80 . 80 80 . . . 50 . 120 . Shots Fired 580 | . 75 39 202 68 . 50 112 . . . . . . . . . . 1 7 . . . . . 1 . 3 4 . . . 6 . 12 . Gun 542 | . 75 39 202 68 . 46 112 . . . . . . . . . . . . . . . . . . . . . . . . . . . . Cannon 18 | . . . . . . . . . . . . . . . . . . . . . . . . . . . . . . . . 6 . 12 . Launcher 20 | . . . . . . 4 . . . . . . . . . . . 1 7 . . . . . 1 . 3 4 . . . . . . . Special . | . . . . . . . . . . . . . . . . . . . . . . . . . . . . . . . . . . . . Kinetic 224 | . 39 20 51 34 . 23 57 . . . . . . . . . . . . . . . . . . . . . . . . . . . . Thermal 197 | . . . 73 34 . 23 55 . . . . . . . . . . . . . . . . . . . . . . . . 6 . 6 . Explosive 20 | . . . . . . 4 . . . . . . . . . . . 1 7 . . . . . 1 . 3 4 . . . . . . . Electromagnetic 139 | . 36 19 78 . . . . . . . . . . . . . . . . . . . . . . . . . . . . . . 6 . Robot Hit Streak 38 | . 11 4 12 6 . 9 37 . . . . . . . . . . . . . . . . . . . . 38 . . . . . . . Robot Miss Streak 5 | . 3 3 4 5 . 2 3 . . . . . . . . . . . . . . . . . . . . . . . . . . . . Penetration Max 1 | . . . . . . . 1 . . . . . . . . . . . . . . . . . . . . . . . . . . . . Secondary Targets 2 | . . 1 . 1 . . . . . . . . . . . . . . . . . . . . . . . . . . . . . . . Max Gunslinging Chain 1 | . . 1 . 1 . . . . . . . . . . . . . . . . . . . . . . . . . . . . . . . Shots Hit Robots 821 | . 51 23 134 40 5 36 83 12 . . 2 . 19 . 1 2 2 18 . 2 . . 19 1 . 6 . 10 24 20 3 58 23 157 70 Core Hits 433 | . 23 13 52 15 . 18 34 6 . . . . 11 . . . 2 14 10 . . . 6 . 1 1 6 16 12 13 2 35 15 80 48 Critical Hits 20 | . . . . . . . . . . . . . 1 . . . . . . . . . . . . . . . . 5 . 1 3 8 2 Critical Kills 7 | . . . . . . . . . . . . . 1 . . . . . . . . . . . . . . . . 2 . 1 2 1 . Critical Parts Destroyed 9 | . . . . . . . . . . . . . . . . . . . . . . . . . . . . . . 1 . . 1 6 1 Melee Attacks 1040 | . . . . . 5 . 1 50 . . 2 18 63 6 1 11 19 62 8 5 8 . 58 1 . 6 8 59 51 52 23 119 78 252 74 Impact 1 | . . . . . . . . . . . . . . . . . . . . . . . . . . . . . . 1 . . . . . Slashing 249 | . . . . . . . 1 8 . . . . . . . . . 13 8 5 8 . 47 . . 3 8 58 51 34 1 . . . 4 Piercing 765 | . . . . . . . . 41 . . . 18 62 6 . 10 19 48 . . . . 3 . . . . . . 17 22 119 78 252 70 Sneak Attacks 83 | . . . . . 5 . . 5 . . 2 . 10 . 1 2 2 6 . 2 . . 13 1 . 3 . 3 1 3 1 11 7 5 . Combat Hostiles 8 | . . . . . . . . 1 . . . . . . . . 1 . . . . . . . . . . . . . . 2 2 2 . Follow-up Attacks 59 | . . . . . . . . . . . . . . . . . . . . . . . . . . . . . . 3 . 7 1 30 18 Damage Inflicted 40316 | . 722 364 2255 656 . 1050 1644 680 . . . . 1299 . . 123 166 1927 1033 264 . . 1191 . 78 499 470 1680 1372 1439 274 4399 2093 11506 3132 Guns 5813 | . 659 244 2086 656 . 524 1644 . . . . . . . . . . . . . . . . . . . . . . . . . . . . Cannons . | . . . . . . . . . . . . . . . . . . . . . . . . . . . . . . . . . . . . Explosions 4402 | . 63 113 169 . . 526 . . . . . . . . . . . 898 1033 . . . . . 78 . 470 1052 . . . . . . . Melee 30094 | . . . . . . . . 680 . . . . 1299 . . 123 166 1029 . 264 . . 1191 . . 499 . 628 1372 1439 274 4399 2093 11506 3132 Ramming 7 | . . 7 . . . . . . . . . . . . . . . . . . . . . . . . . . . . . . . . . Kinetic 1977 | . 235 94 338 281 . 231 798 . . . . . . . . . . . . . . . . . . . . . . . . . . . . Thermal 3438 | . 63 113 929 375 . 449 846 . . . . . . . . . . 663 . . . . . . . . . . . . . . . . . Explosive 3238 | . . . . . . 370 . . . . . . . . . . . 235 1033 . . . . . 78 . 470 1052 . . . . . . . Electromagnetic 1562 | . 424 150 988 . . . . . . . . . . . . . . . . . . . . . . . . . . . . . . . . Impact . | . . . . . . . . . . . . . . . . . . . . . . . . . . . . . . . . . . . . Slashing 5286 | . . . . . . . . 229 . . . . . . . . . 244 . 264 . . 1191 . . 499 . 628 1372 660 . . . . 199 Piercing 24808 | . . . . . . . . 451 . . . . 1299 . . 123 166 785 . . . . . . . . . . . 779 274 4399 2093 11506 2933 Highest Corruption 12 | . . 2 . . . . 1 . . . . . . . . . . 1 1 1 1 . . . . . . 4 7 . 1 2 1 10 12 Average Corruption 2 | . . 2 . . . . 1 . . . . . . . . . . 1 1 1 1 . . . . . . 2 5 . 1 1 1 4 10 Corruption Purged . | . . . . . . . . . . . . . . . . . . . . . . . . . . . . . . . . . . . . Effects 129 | . . 4 . . . . 1 . . . . . . . . . . 6 1 1 . . . . . . . 7 19 . 1 11 4 47 27 Message Errors 37 | . . 1 . . . . 1 . . . . . . . . . . 4 1 . . . . . . . . 4 5 . 1 5 2 11 2 Matter Fused 16 | . . . . . . . . . . . . . . . . . . . . . . . . . . . . . 7 . . . . 4 5 Heat Flow Errors 14 | . . 1 . . . . . . . . . . . . . . . . . . . . . . . . . 2 4 . . 1 . 4 2 Energy Discharges 8 | . . 1 . . . . . . . . . . . . . . . . . 1 . . . . . . . . 1 . . 1 . 4 . Parts Rejected 2 | . . . . . . . . . . . . . . . . . . . . . . . . . . . . . . . . . . 1 1 Data Loss (minor) 10 | . . 1 . . . . . . . . . . . . . . . 1 . . . . . . . . . . 1 . . 3 1 2 1 Data Loss (major) 1 | . . . . . . . . . . . . . . . . . . . . . . . . . . . . . . . . . . 1 . Misdirections 25 | . . . . . . . . . . . . . . . . . . . . . . . . . . . . . . . . . . 19 6 Targeting Errors 16 | . . . . . . . . . . . . . . . . . . 1 . . . . . . . . . 1 1 . . 1 1 1 10 Overload Shots . | . . . . . . . . . . . . . . . . . . . . . . . . . . . . . . . . . . . . Overflow Damage 3572 | . . 10 . . . 59 . 73 . . . . 188 . . 3 . 516 59 221 . . 430 . 24 278 18 108 223 31 89 312 126 798 6 Projectiles . | . . . . . . . . . . . . . . . . . . . . . . . . . . . . . . . . . . . . Explosions 323 | . . 10 . . . 59 . . . . . . . . . . . 109 59 . . . . . 24 . 18 44 . . . . . . . Melee 3249 | . . . . . . . . 73 . . . . 188 . . 3 . 407 . 221 . . 430 . . 278 . 64 223 31 89 312 126 798 6 Knockbacks . | . . . . . . . . . . . . . . . . . . . . . . . . . . . . . . . . . . . . Impact . | . . . . . . . . . . . . . . . . . . . . . . . . . . . . . . . . . . . . Kinetic . | . . . . . . . . . . . . . . . . . . . . . . . . . . . . . . . . . . . . Secondary . | . . . . . . . . . . . . . . . . . . . . . . . . . . . . . . . . . . . . Self-Inflicted Damage 114 | . 26 . 34 . . . . . . . . . . . . . . . 9 . . . . . . . . 45 . . . . . . . Shots 4 | . 1 . 1 . . . . . . . . . . . . . . . 1 . . . . . . . . 1 . . . . . . . Rammed 2 | . . 2 . . . . . . . . . . . . . . . . . . . . . . . . . . . . . . . . . Targets Rammed 2 | . . 2 . . . . . . . . . . . . . . . . . . . . . . . . . . . . . . . . . Kicked . | . . . . . . . . . . . . . . . . . . . . . . . . . . . . . . . . . . . . Crushed . | . . . . . . . . . . . . . . . . . . . . . . . . . . . . . . . . . . . . Highest Temperature 294 | . 31 294 135 196 . 199 198 . . . . . . 1 . . . 28 128 . . . 3 3 38 5 1 250 241 . . 107 . 182 147 Average Temperature 63 | . 14 88 34 80 . 103 58 . . . . . . 1 . . . 14 64 . . . 3 3 21 5 1 138 121 . . 56 . 88 87 Received Heat Transfer 1529 | . 120 84 306 72 . 171 156 33 . . . . . 18 . 12 . . . . . . 23 . 48 . . 27 57 . . 36 36 171 159 Siege Activations . | . . . . . . . . . . . . . . . . . . . . . . . . . . . . . . . . . . . . Robots Corrupted 1 | . . . 1 . . . . . . . . . . . . . . . . . . . . . . . . . . . . . . . . Combat Hostiles . | . . . . . . . . . . . . . . . . . . . . . . . . . . . . . . . . . . . . Parts Fried 10 | . 1 . 9 . . . . . . . . . . . . . . . . . . . . . . . . . . . . . . . . Impact Corruptions . | . . . . . . . . . . . . . . . . . . . . . . . . . . . . . . . . . . . . Robots Melted . | . . . . . . . . . . . . . . . . . . . . . . . . . . . . . . . . . . . . Combat Hostiles . | . . . . . . . . . . . . . . . . . . . . . . . . . . . . . . . . . . . . Parts Melted 5 | . . . 4 . . . 1 . . . . . . . . . . . . . . . . . . . . . . . . . . . . Heat Transferred 6008 | . 100 50 2013 814 . 879 1702 . . . . . . . . . . 450 . . . . . . . . . . . . . . . . . Parts Sabotaged . | . . . . . . . . . . . . . . . . . . . . . . . . . . . . . . . . . . . . Parts Stolen . | . . . . . . . . . . . . . . . . . . . . . . . . . . . . . . . . . . . . Parts Stripped . | . . . . . . . . . . . . . . . . . . . . . . . . . . . . . . . . . . . . Power Chain Reactions 5 | . 1 1 3 . . . . . . . . . . . . . . . . . . . . . . . . . . . . . . . . Missiles Intercepted . | . . . . . . . . . . . . . . . . . . . . . . . . . . . . . . . . . . . . Alert | -11 -10 -10 -9 -9 -9 -8 -8 -7 -7 -7 -7 -6 -6 -6 -6 -6 -5 -5 -5 -5 -5 -4 -4 -4 -4 -4 -3 -3 -3 -2 -2 -2 -1 -1 -1 ------- Run | Scr Mat Min Mat Min Exi Min Mat Fac Low Low Zio Pro Fac Low Low Dat Pro Fac Upp Upp War Pro Fac Upp Upp Zhi Pro Res Qua Res Tes Sec Acc Com Ac0 Peak Influence 901 | . 163 225 413 159 . 207 120 122 . . . . 452 . . . . 404 . . . . 402 . . . . 456 264 422 400 340 400 901 . Average Influence 113 | . 29 154 203 98 . 80 56 36 . . . . 74 . . . . 39 . . . . 22 . . . . 108 133 47 130 159 53 560 . Maximum Alert Level 3 | . . 1 2 . . 1 . . . . . . 2 . . . . 2 . . . . 2 . . . . 2 1 2 2 1 2 3 . Low Security (%) 78 | 100 100 58 48 100 . 80 100 100 . . . . 83 . . . . 97 . . . . 98 . . . . 84 72 97 59 69 99 1 . Level 1 13 | . . 41 49 . . 19 . . . . . . 16 . . . . 1 . . . . . . . . . 15 27 . 39 30 . 6 . Level 2 3 | . . . 2 . . . . . . . . . . . . . . . . . . . 1 . . . . . . 2 . . . 38 . Level 3 4 | . . . . . . . . . . . . . . . . . . . . . . . . . . . . . . . . . . 53 . Level 4 . | . . . . . . . . . . . . . . . . . . . . . . . . . . . . . . . . . . . . Level 5 . | . . . . . . . . . . . . . . . . . . . . . . . . . . . . . . . . . . . . High Security . | . . . . . . . . . . . . . . . . . . . . . . . . . . . . . . . . . . . . Max Security . | . . . . . . . . . . . . . . . . . . . . . . . . . . . . . . . . . . . . Squads Dispatched 56 | . . 1 2 . . . 2 3 . . . . 3 . . . . 8 . . . . 6 . . . . 4 2 2 5 5 5 8 . Investigation 15 | . . 1 1 . . . 1 1 . . . . . . . . . 3 . . . . 2 . . . . 1 . 1 1 1 1 1 . Extermination 21 | . . . . . . . . . . . . . 2 . . . . 2 . . . . 3 . . . . 2 2 1 1 3 3 2 . Reinforcement 17 | . . . 1 . . . 1 2 . . . . 1 . . . . 3 . . . . 1 . . . . 1 . . 2 1 1 3 . Assault 3 | . . . . . . . . . . . . . . . . . . . . . . . . . . . . . . . 1 . . 2 . Garrison . | . . . . . . . . . . . . . . . . . . . . . . . . . . . . . . . . . . . . Intercept . | . . . . . . . . . . . . . . . . . . . . . . . . . . . . . . . . . . . . Construction Impeded 1 | . . . . . . . . . . . . . . . . . . 1 . . . . . . . . . . . . . . . . . Haulers Reinforced 3 | . . . . . . . . . . . . . . . . . . 1 . . . . . . . . . . . . . 1 1 . . Stealth | -11 -10 -10 -9 -9 -9 -8 -8 -7 -7 -7 -7 -6 -6 -6 -6 -6 -5 -5 -5 -5 -5 -4 -4 -4 -4 -4 -3 -3 -3 -2 -2 -2 -1 -1 -1 --------- Run | Scr Mat Min Mat Min Exi Min Mat Fac Low Low Zio Pro Fac Low Low Dat Pro Fac Upp Upp War Pro Fac Upp Upp Zhi Pro Res Qua Res Tes Sec Acc Com Ac0 Distress Signals 45 | . 3 . 4 . . . . 2 . . . . . . . . . 1 . . . . . . . . . 1 . 2 1 3 . 28 . Communications Jammed . | . . . . . . . . . . . . . . . . . . . . . . . . . . . . . . . . . . . . Distress Signals . | . . . . . . . . . . . . . . . . . . . . . . . . . . . . . . . . . . . . Times Spotted 390 | . 15 15 42 9 . 11 23 19 . 4 . 3 4 2 . 4 7 18 . 1 . . 14 . 9 . 2 34 13 9 6 17 7 75 27 Peak Tracking Total 18 | . 5 5 5 3 . 3 3 6 . 4 . 4 2 2 . 4 7 5 4 2 . . 3 2 9 . 3 6 4 3 4 3 2 9 18 Tactical Retreats 47 | . . 2 5 1 . . 2 7 . 1 . . . 1 . . . 3 . . . . 3 . 1 . . 7 2 . 1 2 1 7 1 Traps | -11 -10 -10 -9 -9 -9 -8 -8 -7 -7 -7 -7 -6 -6 -6 -6 -6 -5 -5 -5 -5 -5 -4 -4 -4 -4 -4 -3 -3 -3 -2 -2 -2 -1 -1 -1 ------- Run | Scr Mat Min Mat Min Exi Min Mat Fac Low Low Zio Pro Fac Low Low Dat Pro Fac Upp Upp War Pro Fac Upp Upp Zhi Pro Res Qua Res Tes Sec Acc Com Ac0 Traps Triggered 30 | . . . . . . . 2 . . . . . 1 . . . . 2 . . . . 6 . . . . 2 . 1 1 1 3 11 . Indirectly . | . . . . . . . . . . . . . . . . . . . . . . . . . . . . . . . . . . . . Trap Hack Attempts 91 | . . . . . . . . 4 . . . . 16 . . . . 49 . . . . 14 . . . . 1 6 1 . . . . . Triggered . | . . . . . . . . . . . . . . . . . . . . . . . . . . . . . . . . . . . . Disarmed 18 | . . . . . . . . 1 . . . . . . . . . 7 . . . . 10 . . . . . . . . . . . . Reprogrammed 41 | . . . . . . . . . . . . . 6 . . . . 21 . . . . 4 . . . . 1 2 7 . . . . . Reused 16 | . . . . . . . . . . . . . 5 . . . . 6 . . . . 2 . . . . . 1 2 . . . . . Traps Extracted . | . . . . . . . . . . . . . . . . . . . . . . . . . . . . . . . . . . . . Installed . | . . . . . . . . . . . . . . . . . . . . . . . . . . . . . . . . . . . . Triggered 17 | . . 1 . . . . . . . . . . 5 . . . . 6 . . . . 2 . . . . . 1 2 . . . . . Machines | -11 -10 -10 -9 -9 -9 -8 -8 -7 -7 -7 -7 -6 -6 -6 -6 -6 -5 -5 -5 -5 -5 -4 -4 -4 -4 -4 -3 -3 -3 -2 -2 -2 -1 -1 -1 ---------- Run | Scr Mat Min Mat Min Exi Min Mat Fac Low Low Zio Pro Fac Low Low Dat Pro Fac Upp Upp War Pro Fac Upp Upp Zhi Pro Res Qua Res Tes Sec Acc Com Ac0 Machines Disabled 43 | . . 2 1 1 . 4 . 2 . . . . 1 . . 1 1 4 . . . . 1 . . . . 3 6 . 4 6 1 3 2 Max in Single Turn 4 | . . 2 1 1 . 4 . 1 . . . . 1 . . 1 1 4 . . . . 1 . . . . 1 1 . 1 1 1 2 1 Garrison Access 11 | . . . . . . . 1 2 . . . . 1 . . . . 1 . . . . 1 . . . . 1 1 1 . . 2 . . Phase Generator 1 | . . . . . . . . . . . . . . . . . . . . . . . . . . . . . . . . . . 1 . Machines Sabotaged . | . . . . . . . . . . . . . . . . . . . . . . . . . . . . . . . . . . . . Garrisons Compromised . | . . . . . . . . . . . . . . . . . . . . . . . . . . . . . . . . . . . . Overloaded Fab Kills . | . . . . . . . . . . . . . . . . . . . . . . . . . . . . . . . . . . . . Fab Network Shutdowns 7 | . . . . . . . . . . . . . 1 . . . . 1 . . . . 1 . . . . 1 . 1 1 . 1 . . Hacking | -11 -10 -10 -9 -9 -9 -8 -8 -7 -7 -7 -7 -6 -6 -6 -6 -6 -5 -5 -5 -5 -5 -4 -4 -4 -4 -4 -3 -3 -3 -2 -2 -2 -1 -1 -1 --------- Run | Scr Mat Min Mat Min Exi Min Mat Fac Low Low Zio Pro Fac Low Low Dat Pro Fac Upp Upp War Pro Fac Upp Upp Zhi Pro Res Qua Res Tes Sec Acc Com Ac0 Machines Accessed 208 | . 8 1 13 . 1 . 10 17 . 1 . . 15 . 1 2 1 20 1 . 1 . 23 1 . 4 . 16 15 12 7 14 18 5 1 Terminals 138 | . 8 . 10 . . . 8 11 . . . . 11 . . . 1 14 1 . . . 16 1 . . . 11 12 5 4 11 9 5 . Fabricators 18 | . . . . . . . . 1 . . . . 1 . . . . 3 . . . . 2 . . . . 2 . 4 1 . 4 . . Repair Stations 12 | . . . . . . . 1 1 . . . . 1 . . . . 1 . . . . 2 . . . . 1 1 2 1 1 . . . Recycling Units 7 | . . . 1 . . . . 1 . . . . 1 . . . . 1 . . . . 1 . . . . . . . . . 2 . . Scanalyzers 9 | . . . 2 . . . . 1 . . . . . . . . . . . . . . 1 . . . . 1 1 . 1 2 . . . Garrison Access 12 | . . . . . . . 1 2 . . . . 1 . . . . 1 . . . . 1 . . . . 1 1 1 . . 3 . . Total Hacks 797 | . 25 1 35 . 1 . 35 64 . 1 . . 59 . 1 16 1 98 1 . 1 . 89 1 . 17 . 79 45 57 42 41 70 13 4 Successful 634 | . 19 1 25 . 1 . 21 46 . 1 . . 41 . 1 16 1 85 1 . 1 . 79 1 . 17 . 67 43 45 32 34 46 6 4 Failed 162 | . 6 . 10 . . . 14 18 . . . . 18 . . . . 13 . . . . 9 . . . . 12 2 12 10 7 24 7 . Catastrophic 20 | . 2 . . . . . 3 4 . . . . 1 . . . . 1 . . . . . . . . . 2 . 1 . 2 1 3 . Database Lockouts 1 | . . . . . . . . . . . . . . . . . . . . . . . 1 . . . . . . . . . . . . Manual 383 | . 17 . 17 . 1 . 18 36 . . . . 35 . . . . 49 . . . . 45 . . . . 44 24 20 21 24 22 10 . Terminals 556 | . 25 . 30 . . . 31 47 . . . . 48 . . . 1 69 1 . . . 69 1 . . . 57 37 28 33 32 34 13 . Fabricators 119 | . . . . . . . . 9 . . . . 6 . . . . 22 . . . . 13 . . . . 14 . 24 6 . 25 . . Repair Stations 36 | . . . . . . . 2 2 . . . . 2 . . . . 4 . . . . 4 . . . . 6 4 4 2 6 . . . Recycling Units 12 | . . . 1 . . . . 2 . . . . 2 . . . . 1 . . . . 1 . . . . . . . . . 5 . . Scanalyzers 15 | . . . 4 . . . . 2 . . . . . . . . . . . . . . 1 . . . . 1 3 . 1 3 . . . Garrison Access 17 | . . . . . . . 2 2 . . . . 1 . . . . 2 . . . . 1 . . . . 1 1 1 . . 6 . . Terminal Hacks 383 | . 12 1 12 . 1 . 14 23 . 1 . . 27 . 1 16 1 48 1 . 1 . 55 1 . 17 . 37 25 18 21 21 20 5 4 Record 13 | . . . . . . . . . . . . . . . . 6 . . 1 . . . . 1 . 5 . . . . . . . . . Part Schematic 38 | . . . . . . . 1 1 . . . . 6 . . 7 . 3 . . . . 7 . . 4 . 9 . . . . . . . Robot Analysis 10 | . 1 . . . . . 1 . . . . . . . . . . . . . . . 1 . . 4 . 1 . . . . 2 . . Prototype ID Bank 44 | . 3 . 2 . . . 2 2 . . . . 3 . . 3 . 7 . . . . 6 . . 4 . 2 3 4 1 1 1 . . Open Door 13 | . . 1 . . . . . . . 1 . . . . 1 . 1 . . . 1 . . . . . . . . . . 5 3 . . Level Access Points 4 | . . . . . . . . . . . . . . . . . . . . . . . 1 . . . . . 1 . 1 1 . . . Branch Access Points 7 | . . . . . . . . 1 . . . . 1 . . . . 1 . . . . 1 . . . . 1 . 1 . . 1 . . Machine Index 4 | . . . . . . . . . . . . . . . . . . 1 . . . . 1 . . . . . . 1 . . 1 . . Terminal Index 6 | . 1 . . . . . 1 1 . . . . 1 . . . . . . . . . . . . . . . 1 . 1 . . . . Fabricator Index 5 | . . . . . . . . 1 . . . . 1 . . . . . . . . . . . . . . 1 1 . 1 . . . . Repair Station Index 3 | . . . . . . . . 1 . . . . 1 . . . . . . . . . . . . . . 1 . . . . . . . Recycling Unit Index 1 | . . . 1 . . . . . . . . . . . . . . . . . . . . . . . . . . . . . . . . Scanalyzer Index 3 | . . . . . . . . 1 . . . . . . . . . . . . . . 1 . . . . . . . 1 . . . . Alert Level 25 | . 1 . 2 . . . 1 1 . . . . 2 . . . . 3 . . . . 3 . . . . 5 1 1 3 2 . . . Unreport Threat 51 | . 1 . 3 . . . 3 3 . . . . 1 . . . . 9 . . . . 7 . . . . 7 2 2 3 2 5 3 . Locate Traps 49 | . 1 . 3 . . . . 5 . . . . 5 . . . . 8 . . . . 10 . . . . 1 6 3 1 3 2 1 . Disarm Traps 1 | . . . . . . . . . . . . . . . . . . . . . . . 1 . . . . . . . . . . . . Reprogram Traps 1 | . . . . . . . . . . . . . . . . . . . . . . . . . . . . . . 1 . . . . . Recall Investigation 6 | . . . . . . . . . . . . . . . . . . 3 . . . . 1 . . . . . . 1 1 . . . . Recall Extermination 18 | . . . . . . . . . . . . . 2 . . . . 2 . . . . 3 . . . . 2 1 1 1 3 2 1 . Recall Reinforcements 8 | . . . . . . . . 1 . . . . . . . . . 3 . . . . 2 . . . . . . . 2 . . . . Hauler Manifests 11 | . . . . . . . 1 1 . . . . 2 . . . . 2 . . . . 1 . . . . 1 . 1 1 1 . . . Registered Components 7 | . 1 . 1 . . . 1 1 . . . . . . . . . . . . . . 1 . . . . 1 . . 1 . . . . Registered Prototypes 8 | . . . . . . . . . . . . . 1 . . . . 1 . . . . 2 . . . . 1 1 1 . . 1 . . Zone Layout 41 | . 3 . . . . . 3 3 . . . . 1 . . . . 5 . . . . 6 . . . . 4 8 1 2 3 2 . . EX-Prototype ID Bank 1 | . . . . . 1 . . . . . . . . . . . . . . . . . . . . . . . . . . . . . . Protovariant Controls 1 | . . . . . . . . . . . . . . . . . . . . . . . . . . . . . . . 1 . . . . Gate Test 138-A 1 | . . . . . . . . . . . . . . . . . . . . . . . . . . . . . . . . . . . 1 Gate Test 138-B 1 | . . . . . . . . . . . . . . . . . . . . . . . . . . . . . . . . . . . 1 Gate Test 138-C 2 | . . . . . . . . . . . . . . . . . . . . . . . . . . . . . . . . . . . 2 Fabricator Hacks 66 | . . . . . . . . 4 . . . . 4 . . . . 15 . . . . 8 . . . . 9 . 10 4 . 12 . . Network Status 6 | . . . . . . . . . . . . . . . . . . 2 . . . . 1 . . . . 2 . . . . 1 . . Load Schematic 25 | . . . . . . . . 2 . . . . 1 . . . . 5 . . . . 3 . . . . 2 . 5 2 . 5 . . Build 35 | . . . . . . . . 2 . . . . 3 . . . . 8 . . . . 4 . . . . 5 . 5 2 . 6 . . Repair Station Hacks 36 | . . . . . . . 2 2 . . . . 2 . . . . 4 . . . . 4 . . . . 6 4 4 2 6 . . . Scan Component 18 | . . . . . . . 1 1 . . . . 1 . . . . 2 . . . . 2 . . . . 3 2 2 1 3 . . . Repair 18 | . . . . . . . 1 1 . . . . 1 . . . . 2 . . . . 2 . . . . 3 2 2 1 3 . . . Recycling Unit Hacks 9 | . . . 1 . . . . 2 . . . . 2 . . . . 1 . . . . 1 . . . . . . . . . 2 . . Report Inventory 7 | . . . 1 . . . . 1 . . . . 1 . . . . 1 . . . . 1 . . . . . . . . . 2 . . Retrieve Components 2 | . . . . . . . . 1 . . . . 1 . . . . . . . . . . . . . . . . . . . . . . Scanalyzer 15 | . . . 4 . . . . 2 . . . . . . . . . . . . . . 1 . . . . 1 3 . 1 3 . . . Insert Component 12 | . . . 2 . . . . 1 . . . . . . . . . . . . . . 1 . . . . 1 3 . 1 3 . . . Analyze 3 | . . . 2 . . . . 1 . . . . . . . . . . . . . . . . . . . . . . . . . . . Garrison Access Hacks 11 | . . . . . . . 1 2 . . . . 1 . . . . 1 . . . . 1 . . . . 1 1 1 . . 2 . . Seal Access 11 | . . . . . . . 1 2 . . . . 1 . . . . 1 . . . . 1 . . . . 1 1 1 . . 2 . . Unauthorized Hacks 114 | . 7 . 8 . . . 4 11 . . . . 5 . . . . 16 . . . . 9 . . . . 13 10 12 4 4 10 1 . Terminals 74 | . 7 . 8 . . . 4 8 . . . . 3 . . . . 9 . . . . 4 . . . . 8 10 3 3 4 2 1 . Track 19 | . 3 . 5 . . . 2 2 . . . . . . . . . . . . . . 1 . . . . 2 2 . 1 . . 1 . Assimilate 1 | . . . . . . . . . . . . . . . . . . 1 . . . . . . . . . . . . . . . . . Botnet 52 | . 4 . 2 . . . 2 6 . . . . 3 . . . . 8 . . . . 3 . . . . 6 7 3 2 4 2 . . Detonate 1 | . . . . . . . . . . . . . . . . . . . . . . . . . . . . . 1 . . . . . . Disrupt 1 | . . . 1 . . . . . . . . . . . . . . . . . . . . . . . . . . . . . . . . Fabricators 40 | . . . . . . . . 3 . . . . 2 . . . . 7 . . . . 5 . . . . 5 . 9 1 . 8 . . Report 4 | . . . . . . . . . . . . . . . . . . 1 . . . . 1 . . . . . . 1 . . 1 . . Prioritize 18 | . . . . . . . . 1 . . . . 1 . . . . 3 . . . . 2 . . . . 2 . 4 1 . 4 . . Siphon 16 | . . . . . . . . 1 . . . . 1 . . . . 3 . . . . 2 . . . . 2 . 4 . . 3 . . Haulers 2 | . . . . . . . . 1 . . . . . . . . . . . . . . . . . . . 1 . . . . . . . Repair Stations . | . . . . . . . . . . . . . . . . . . . . . . . . . . . . . . . . . . . . Recycling Units . | . . . . . . . . . . . . . . . . . . . . . . . . . . . . . . . . . . . . Scanalyzers . | . . . . . . . . . . . . . . . . . . . . . . . . . . . . . . . . . . . . Garrison Access . | . . . . . . . . . . . . . . . . . . . . . . . . . . . . . . . . . . . . Data Cores Recovered 9 | . . . . . . . . 1 . . . . 1 . . . . . . . . . 1 . . . . . 2 1 1 1 1 . . Used 2 | . . . . . . . . . . . . . . . . . . . . . . . . . . . . . 1 . . . 1 . . Hacking Detections 136 | . 6 . 11 . . . 9 14 . . . . 12 . . . . 8 1 . . . 14 . . . . 13 6 11 5 5 16 5 . Full Trace Events 9 | . . . 1 . . . . 1 . . . . . . . . . 1 . . . . . . . . . 1 . 1 1 1 1 1 . Feedback Events 4 | . . . . . . . . . . . . . . . . . . 1 . . . . . . . . . 2 . . . . 1 . . Corruption 3 | . . . . . . . . . . . . . . . . . . 1 . . . . . . . . . 1 . . . . 1 . . Hackware Fried 1 | . . . . . . . . . . . . . . . . . . . . . . . . . . . . 1 . . . . . . . Feedback Blocked . | . . . . . . . . . . . . . . . . . . . . . . . . . . . . . . . . . . . . Robot Schematics Acquired . | . . . . . . . . . . . . . . . . . . . . . . . . . . . . . . . . . . . . Robots Built . | . . . . . . . . . . . . . . . . . . . . . . . . . . . . . . . . . . . . Matter . | . . . . . . . . . . . . . . . . . . . . . . . . . . . . . . . . . . . . Time . | . . . . . . . . . . . . . . . . . . . . . . . . . . . . . . . . . . . . Total Robot Build Rating . | . . . . . . . . . . . . . . . . . . . . . . . . . . . . . . . . . . . . Part Schematics Acquired 41 | . . . 2 . . . 1 2 . . . . 6 . . 7 . 3 . . . . 7 . . 4 . 9 . . . . . . . Parts Built 35 | . . . . . . . . 3 . . . . 3 . . . . 7 . . . . 4 . . . . 5 . 5 2 . 6 . . Matter 8315 | . . . . . . . . 235 . . . . 714 . . . . 1271 . . . . 1002 . . . . 1560 . 1293 695 . 1545 . . Time 1419 | . . . . . . . . 120 . . . . 126 . . . . 310 . . . . 163 . . . . 257 . 151 60 . 232 . . Total Part Build Rating 239 | . . . . . . . . 11 . . . . 18 . . . . 42 . . . . 26 . . . . 45 . 38 18 . 41 . . Parts Repaired 18 | . . . . . . . 1 1 . . . . 1 . . . . 2 . . . . 2 . . . . 3 2 2 1 3 . . . Time 949 | . . . . . . . 38 19 . . . . 38 . . . . 130 . . . . 108 . . . . 147 169 122 49 129 . . . Parts Recycled . | . . . . . . . . . . . . . . . . . . . . . . . . . . . . . . . . . . . . Recycled Matter . | . . . . . . . . . . . . . . . . . . . . . . . . . . . . . . . . . . . . Retrieved Matter . | . . . . . . . . . . . . . . . . . . . . . . . . . . . . . . . . . . . . Retrieved Components 17 | . . . . . . . . 7 . . . . 10 . . . . . . . . . . . . . . . . . . . . . . Parts Scanalyzed 3 | . . . 2 . . . . 1 . . . . . . . . . . . . . . . . . . . . . . . . . . . Part Schematics Acquired 3 | . . . 2 . . . . 1 . . . . . . . . . . . . . . . . . . . . . . . . . . . Parts Damaged . | . . . . . . . . . . . . . . . . . . . . . . . . . . . . . . . . . . . . Bothacking | -11 -10 -10 -9 -9 -9 -8 -8 -7 -7 -7 -7 -6 -6 -6 -6 -6 -5 -5 -5 -5 -5 -4 -4 -4 -4 -4 -3 -3 -3 -2 -2 -2 -1 -1 -1 ------------ Run | Scr Mat Min Mat Min Exi Min Mat Fac Low Low Zio Pro Fac Low Low Dat Pro Fac Upp Upp War Pro Fac Upp Upp Zhi Pro Res Qua Res Tes Sec Acc Com Ac0 Used RIF Installer . | . . . . . . . . . . . . . . . . . . . . . . . . . . . . . . . . . . . . Robots Hacked 14 | . . . . . 5 . . . . . 2 . . . 1 1 . 1 . . . . . 1 . 3 . . . . . . . . . Non-combat 7 | . . . . . 4 . . . . . . . . . 1 . . 1 . . . . . 1 . . . . . . . . . . . Combat 7 | . . . . . 1 . . . . . 2 . . . . 1 . . . . . . . . . 3 . . . . . . . . . Robot Hacks Applied 14 | . . . . . 5 . . . . . 2 . . . 1 1 . 1 . . . . . 1 . 3 . . . . . . . . . parse_system 14 | . . . . . 5 . . . . . 2 . . . 1 1 . 1 . . . . . 1 . 3 . . . . . . . . . Relay Couplers Released . | . . . . . . . . . . . . . . . . . . . . . . . . . . . . . . . . . . . . Robots Rewired . | . . . . . . . . . . . . . . . . . . . . . . . . . . . . . . . . . . . . Allies Hacked . | . . . . . . . . . . . . . . . . . . . . . . . . . . . . . . . . . . . . Hacks Repelled . | . . . . . . . . . . . . . . . . . . . . . . . . . . . . . . . . . . . . Allies | -11 -10 -10 -9 -9 -9 -8 -8 -7 -7 -7 -7 -6 -6 -6 -6 -6 -5 -5 -5 -5 -5 -4 -4 -4 -4 -4 -3 -3 -3 -2 -2 -2 -1 -1 -1 -------- Run | Scr Mat Min Mat Min Exi Min Mat Fac Low Low Zio Pro Fac Low Low Dat Pro Fac Upp Upp War Pro Fac Upp Upp Zhi Pro Res Qua Res Tes Sec Acc Com Ac0 Total Allies 1 | . . . . . . . . . . . . . . . . . . 1 . . . . . . . . . . . . . . . . . Largest Group 1 | . . . . . . . . . . . . . . . . . . 1 . . . . . . . . . . . . . . . . . Highest-Rated Group 10 | . . . . . . . . . . . . . . . . . . 10 . . . . . . . . . . . . . . . . . Highest-Rated Ally 10 | . . . . . . . . . . . . . . . . . . 10 . . . . . . . . . . . . . . . . . Total Orders 2 | . . . . . 2 . . . . . . . . . . . . . . . . . . . . . . . . . . . . . . RETURN 2 | . . . . . 2 . . . . . . . . . . . . . . . . . . . . . . . . . . . . . . Ally Attacks . | . . . . . . . . . . . . . . . . . . . . . . . . . . . . . . . . . . . . Total Damage . | . . . . . . . . . . . . . . . . . . . . . . . . . . . . . . . . . . . . Kills . | . . . . . . . . . . . . . . . . . . . . . . . . . . . . . . . . . . . . Allies Corrupted . | . . . . . . . . . . . . . . . . . . . . . . . . . . . . . . . . . . . . Allies Melted . | . . . . . . . . . . . . . . . . . . . . . . . . . . . . . . . . . . . . Intel | -11 -10 -10 -9 -9 -9 -8 -8 -7 -7 -7 -7 -6 -6 -6 -6 -6 -5 -5 -5 -5 -5 -4 -4 -4 -4 -4 -3 -3 -3 -2 -2 -2 -1 -1 -1 ------- Run | Scr Mat Min Mat Min Exi Min Mat Fac Low Low Zio Pro Fac Low Low Dat Pro Fac Upp Upp War Pro Fac Upp Upp Zhi Pro Res Qua Res Tes Sec Acc Com Ac0 Robot Analysis Total 10 | . 1 . . . . . 1 . . . . . . . . . . . . . . . 1 . . 4 . 1 . . . . 2 . . Derelict Logs Recovered 17 | . . . . 1 . . . . 3 1 2 3 . 1 1 . 1 . 1 1 . . . 2 . . . . . . . . . . . Drone Launches 2 | . . . . . 2 . . . . . . . . . . . . . . . . . . . . . . . . . . . . . . Drone Recoveries 2 | . . . . . 2 . . . . . . . . . . . . . . . . . . . . . . . . . . . . . . Exploration | -11 -10 -10 -9 -9 -9 -8 -8 -7 -7 -7 -7 -6 -6 -6 -6 -6 -5 -5 -5 -5 -5 -4 -4 -4 -4 -4 -3 -3 -3 -2 -2 -2 -1 -1 -1 ------------- Run | Scr Mat Min Mat Min Exi Min Mat Fac Low Low Zio Pro Fac Low Low Dat Pro Fac Upp Upp War Pro Fac Upp Upp Zhi Pro Res Qua Res Tes Sec Acc Com Ac0 Turns Passed 27889 | 44 1283 398 2266 879 475 526 1632 1099 221 145 209 616 1521 565 341 63 706 2127 539 195 213 76 1854 105 187 60 356 1637 881 827 630 1725 1292 1918 278 Spaces Moved 37257 | 32 699 211 1161 429 276 252 730 1962 648 451 629 643 2357 754 488 134 720 2747 779 535 567 156 2873 413 731 156 333 2549 1531 1411 926 3273 2315 2834 552 Core 1 | 1 . . . . . . . . . . . . . . . . . . . . . . . . . . . . . . . . . . . Treads 117 | 4 . 2 3 62 . 24 22 . . . . . . . . . . . . . . . . . . . . . . . . . . . . Legs . | . . . . . . . . . . . . . . . . . . . . . . . . . . . . . . . . . . . . Wheels 3672 | 27 699 209 1158 367 276 228 708 . . . . . . . . . . . . . . . . . . . . . . . . . . . . Hover . | . . . . . . . . . . . . . . . . . . . . . . . . . . . . . . . . . . . . Flight 33467 | . . . . . . . . 1962 648 451 629 643 2357 754 488 134 720 2747 779 535 567 156 2873 413 731 156 333 2549 1531 1411 926 3273 2315 2834 552 Fastest Speed 24 | 50 90 140 140 160 150 150 150 32 32 32 32 32 27 27 27 27 27 27 27 27 24 24 24 24 24 24 24 24 24 24 24 24 24 29 32 Average Speed 39 | 95 128 150 149 168 159 160 158 32 32 32 32 32 32 27 27 27 27 27 27 27 25 24 24 24 24 25 24 24 24 24 24 24 27 31 32 Slowest Speed 250 | 160 150 220 250 250 160 210 250 32 32 32 32 32 35 27 27 27 27 27 27 27 27 24 24 24 29 29 24 24 24 24 115 27 29 94 35 Overloaded Moves . | . . . . . . . . . . . . . . . . . . . . . . . . . . . . . . . . . . . . Propulsion Burnouts . | . . . . . . . . . . . . . . . . . . . . . . . . . . . . . . . . . . . . Robots Hopped 61 | . . . . . . . . 13 . 2 . . 5 . . . . 3 . . . . 10 . 4 . . 4 . 5 10 2 . 2 1 Cave-ins Triggered . | . . . . . . . . . . . . . . . . . . . . . . . . . . . . . . . . . . . . Teleports 1 | . . . . . . . . . . . . . . . . . . . . . . . . . . . . . . . . . . 1 . Time Travels 1 | . . . . . . . . . . . . . . . . 1 . . . . . . . . . . . . . . . . . . . Exploration Rate (%) 65 | 4 95 53 84 97 69 53 54 51 89 58 83 66 43 83 64 77 57 58 88 71 85 41 59 63 87 60 58 58 93 34 77 87 42 79 41 Regions Visited 35 Branch Regions 25 Pre-discovered Areas 8 | . . . . . . . . . . . 1 1 . . . 1 . . 1 1 . . . . . 3 . . . . . . . . . Known Exits Taken 28 | . . . . . . . 1 1 1 1 1 1 1 1 1 1 1 1 1 1 1 1 1 1 1 1 1 1 1 1 1 1 1 1 . Unknown Exits Taken 7 | 1 1 1 1 1 1 1 . . . . . . . . . . . . . . . . . . . . . . . . . . . . . Scrap Searched 33 | . . . . 1 . 1 . . 3 2 4 1 . 3 4 . 2 . 3 4 . . . 2 . . 3 . . . . . . . . Spaces Dug 430 | . . . . . . . 1 28 . . . 15 31 6 . 6 9 25 29 3 8 . 30 . . . 8 42 10 23 14 40 42 59 1 Terrain Destroyed 717 | . 2 . 13 . . 40 5 28 . . . 15 31 6 . 6 9 38 97 3 8 . 30 . 15 . 26 92 10 23 14 40 42 123 1 Melee 406 | . . . . . . . 1 28 . . . 15 31 6 . 6 9 25 8 3 8 . 30 . . . 8 42 10 23 14 37 42 59 1 Projectile 8 | . . . . . . . 4 . . . . . . . . . . . . . . . . . . . . . . . . 3 . 1 . AOE 303 | . 2 . 13 . . 40 . . . . . . . . . . . 13 89 . . . . . 15 . 18 50 . . . . . 63 . Actions | -11 -10 -10 -9 -9 -9 -8 -8 -7 -7 -7 -7 -6 -6 -6 -6 -6 -5 -5 -5 -5 -5 -4 -4 -4 -4 -4 -3 -3 -3 -2 -2 -2 -1 -1 -1 --------- Run | Scr Mat Min Mat Min Exi Min Mat Fac Low Low Zio Pro Fac Low Low Dat Pro Fac Upp Upp War Pro Fac Upp Upp Zhi Pro Res Qua Res Tes Sec Acc Com Ac0 Total 48939 | 42 1010 254 1541 526 304 328 1107 2353 660 448 635 1025 3028 1105 696 144 1202 4034 1085 577 623 193 3943 418 732 171 593 3483 2000 1848 1297 4147 2960 3794 633 Wait 9417 | . 238 6 158 57 9 35 262 303 13 . 1 365 548 344 204 . 462 1134 290 38 39 38 898 5 2 . 243 811 387 354 318 701 511 638 5 Move 37107 | 31 698 211 1160 428 275 251 729 1937 647 447 628 642 2346 753 487 133 719 2740 778 534 566 155 2852 412 723 155 332 2540 1530 1400 907 3268 2314 2829 550 Hop 55 | . . . . . . . . 11 . 1 . . 5 . . . . 3 . . . . 10 . 3 . . 4 . 5 8 2 . 2 1 Pick Up 207 | 3 18 4 33 2 2 2 17 9 . . 1 . 8 . 2 . 1 8 . . 2 . 5 . . 3 1 15 8 7 8 16 7 23 2 Fast Attach 124 | 7 3 1 2 1 3 2 5 3 . . . . 4 1 . . . 12 . . 3 . 11 . . 2 2 9 5 3 8 16 4 12 5 Attach 76 | . 1 3 3 2 . 2 3 8 . . . . 2 . . . 1 . . . . . 1 . . . 1 9 . 4 3 5 4 14 10 Detach 9 | 1 . . . 1 . . . 1 . . . . . . . . . . . . . . . . . . . 2 . . . 1 . 1 2 Swap 139 | . 5 3 27 . 4 4 11 7 . . 1 . 7 . . . . 9 2 . . . 2 . 3 1 . 9 2 4 9 15 2 12 . Drop 281 | . 8 5 57 1 5 5 22 20 . . 2 . 11 1 2 . . 16 . . 5 . 8 . . 4 3 20 11 6 15 17 9 25 3 Fire 312 | . 39 20 101 34 . 27 57 . . . . . . . . . . 1 7 . . . . . 1 . 3 4 . . . 6 . 12 . Melee 923 | . . . . . 5 . 1 50 . . 2 18 63 6 1 11 19 62 8 5 8 . 58 1 . 6 8 59 51 46 21 100 65 194 55 Ram . | . . . . . . . . . . . . . . . . . . . . . . . . . . . . . . . . . . . . Kick . | . . . . . . . . . . . . . . . . . . . . . . . . . . . . . . . . . . . . Crush 1 | . . 1 . . . . . . . . . . . . . . . . . . . . . . . . . . . . . . . . . Escape Stasis 196 | . . . . . . . . . . . . . 18 . . . . . . . . . 84 . . . . . . 18 . . 44 32 . Rewire . | . . . . . . . . . . . . . . . . . . . . . . . . . . . . . . . . . . . . Trap 91 | . . . . . . . . 4 . . . . 16 . . . . 49 . . . . 14 . . . . 1 6 1 . . . . . Miscellaneous 1 | . . . . . 1 . . . . . . . . . . . . . . . . . . . . . . . . . . . . . . Route ------- -11/Scrapyard -10/Materials (discovered 5 exits: *Mat x3 / *Min x2) -10/Mines -9/Materials (discovered 4 exits: *Mat x2 / [*Min x2]) -9/Mines (discovered 4 exits: *Mat x2 / *Exi / *Zio) -9/Exiles (discovered 2 exits: [*Min x2]) -8/Mines -8/Materials (discovered 2 exits: *Fac x2) -7/Factory (discovered 6 exits: *Fac x3 / Sto / *Low x2) -7/Lower Caves -7/Lower Caves (discovered 2 exits: *Fac / *Zio) -7/Zion -6/Proximity Caves -6/Factory (discovered 6 exits: *Fac x4 / *Low x2) -6/Lower Caves -6/Lower Caves (discovered 2 exits: *Fac / *Dat) -6/Data Miner -5/Proximity Caves -5/Factory (discovered 7 exits: *Fac x3 / *Upp x2 / *Ext x2) -5/Upper Caves -5/Upper Caves -5/Warlord -4/Proximity Caves -4/Factory (discovered 6 exits: *Res x4 / *Upp x2) -4/Upper Caves -4/Upper Caves (discovered 2 exits: *Res / *Zhi) -4/Zhirov -3/Proximity Caves -3/Research (discovered 5 exits: *Res x2 / *Arm / *Qua x2) -3/Quarantine -2/Research (discovered 3 exits: *Acc / *Tes x2) -2/Testing (discovered 2 exits: *Acc / *Sec) -2/Section 7 -1/Access -1/Command (discovered 2 exits: [*Sur] / *Ac0) -1/Access_0 Subspace History --------- Turn | Location | Event 17 | -11/Scrapyard | Discovered new exit (range 16) 45 | -11/Scrapyard | Entered Materials 119 | -10/Materials | Discovered new exit (range 12) 311 | -10/Materials | Build established: Mutant 486 | -10/Materials | Discovered new exit (range 10) 792 | -10/Materials | Discovered new exit (range 12) 804 | -10/Materials | Build established: Hauler-Mutant 1136 | -10/Materials | Discovered new exit (range 10) 1202 | -10/Materials | Core integrity fell below 50% 1276 | -10/Materials | Discovered new exit (range 12) 1328 | -10/Materials | Entered Mines 1554 | -10/Mines | Core integrity fell below 20% 1707 | -10/Mines | Discovered new exit (range 6) 1722 | -10/Mines | Met a Derelict shopkeep closing up shop 1726 | -10/Mines | Entered Materials 1726 | -9/Materials | Evolved 2 slots: Utility x2 1861 | -9/Materials | Discovered new exit (range 11) 2170 | -9/Materials | Discovered new exit (range 14) 3460 | -9/Materials | Discovered new exit (range 5) 3773 | -9/Materials | Discovered new exit (range 15) 3992 | -9/Materials | Entered Mines 4048 | -9/Mines | Met a Derelict bent on vengeance 4250 | -9/Mines | A Derelict revealed a hidden shortcut to a safe place 4397 | -9/Mines | Received a Rocket Launcher from a helpful Derelict 4423 | -9/Mines | Learned location of 1 exit from Materials 4678 | -9/Mines | Discovered new exit (range 10) 4761 | -9/Mines | Found a hidden stash of uninstalled traps 4767 | -9/Mines | Discovered new exit (range 9) 4864 | -9/Mines | Deemed a non-threat by the Exiles lab entrance 4864 | -9/Mines | Discovered new exit (range 5) 4871 | -9/Mines | Entered Exiles 4895 | -9/Exiles | Discovered new exit (range 15) 4915 | -9/Exiles | Met 8R-AWN 4960 | -9/Exiles | Met EX-HEX 5021 | -9/Exiles | Met EX-DEC 5082 | -9/Exiles | Met EX-BIN 5107 | -9/Exiles | Aligned with FarCom system 5108 | -9/Exiles | Given EX-Vault access code 5145 | -9/Exiles | Opened EX-Vault 5167 | -9/Exiles | Found Supersonic Drone Bay 5185 | -9/Exiles | Found Chronowheel 5193 | -9/Exiles | Found Superbattery 5229 | -9/Exiles | Warned to stay clear of 0b10 Research branches 5328 | -9/Exiles | Discovered new exit (range 12) 5346 | -9/Exiles | Stole two prototypes: Superbattery, Chronowheel 5346 | -9/Exiles | Entered Mines 5498 | -8/Mines | Core integrity fell below 50% 5861 | -8/Mines | Discovered new exit (range 5) 5872 | -8/Mines | Entered Materials 5872 | -8/Materials | Evolved 2 slots: Utility x2 5873 | -8/Materials | Identified exit to Factory 7144 | -8/Materials | Repaired Lgt. Nuclear Core? 7279 | -8/Materials | Discovered exit to Factory (range 15) 7504 | -8/Materials | Entered Factory 7504 | -7/Factory | Evolved 2 slots: Utility x2 7506 | -7/Factory | FarCom data flow suspended 7647 | -7/Factory | Discovered new exit (range 16) 7811 | -7/Factory | Identified exit to Storage 7811 | -7/Factory | Identified exit to Lower Caves 7823 | -7/Factory | Build established: Hacker-Sprinter 7872 | -7/Factory | Fabricated Spear (x2) 7911 | -7/Factory | Fabricated Hacking Suite (x1) 8432 | -7/Factory | Discovered new exit (range 16) 8558 | -7/Factory | Repaired Lgt. Nuclear Core 8592 | -7/Factory | Discovered new exit (range 4) 8593 | -7/Factory | Identified exit to Factory 8603 | -7/Factory | Entered Lower Caves 8613 | -7/Lower Caves | Learned 8 Factory zone layouts 8629 | -7/Lower Caves | Encountered a Warlord checkpoint 8632 | -7/Lower Caves | Learned 4 Factory zone layouts 8814 | -7/Lower Caves | Discovered new exit (range 10) 8817 | -7/Lower Caves | Identified exit to Lower Caves 8824 | -7/Lower Caves | Entered another Lower Caves area 8842 | -7/Lower Caves | Discovered exit to Factory (range 11) 8873 | -7/Lower Caves | Spotted S6-OJ2(f) 8875 | -7/Lower Caves | Encountered a Master Thief 8964 | -7/Lower Caves | Discovered new exit (range 14) 8966 | -7/Lower Caves | Encountered a Warlord checkpoint 8968 | -7/Lower Caves | Identified exit to Zion 8969 | -7/Lower Caves | Entered Zion 8990 | -7/Zion | Learned location of Extension (-5) 9059 | -7/Zion | Learned 4 Factory zone layouts 9117 | -7/Zion | Given A8's code to call for help 9170 | -7/Zion | Received a visual enhancement algorithm 9176 | -7/Zion | Discovered new exit (range 7) 9178 | -7/Zion | Identified exit to Proximity Caves 9178 | -7/Zion | Entered Proximity Caves 9201 | -6/Proximity Caves | Learned Factory emergency access door positions 9224 | -6/Proximity Caves | Learned Factory garrison access intel 9790 | -6/Proximity Caves | Discovered exit to Factory (range 14) 9794 | -6/Proximity Caves | Entered Factory 9794 | -6/Factory | Evolved 2 slots: Utility x2 9795 | -6/Factory | Identified exit to Lower Caves 9796 | -6/Factory | Identified exit to Factory 9798 | -6/Factory | Loaded intel: 3 garrison access locations 10075 | -6/Factory | Discovered exit to Factory (range 13) 10263 | -6/Factory | Build established: Wizard-Sprinter 10295 | -6/Factory | Found Exp. Sensor Array 10615 | -6/Factory | Discovered exit to Factory (range 9) 10824 | -6/Factory | Repaired Imp. Light Armor Plating 10879 | -6/Factory | Fabricated Exp. Cesium-ion Thruster? 10926 | -6/Factory | Fabricated Exp. Cesium-ion Thruster? 10985 | -6/Factory | Local fabrication network quarantined 10997 | -6/Factory | Fabricated Exp. Cesium-ion Thruster? 11279 | -6/Factory | Build established: Hacker-Sprinter 11315 | -6/Factory | Entered Lower Caves 11316 | -6/Lower Caves | Encountered a Warlord checkpoint 11316 | -6/Lower Caves | Learned Factory garrison access intel 11813 | -6/Lower Caves | Discovered new exit (range 6) 11880 | -6/Lower Caves | Attracted the attention of an 0b10 checkpoint 11880 | -6/Lower Caves | Identified exit to Lower Caves 11880 | -6/Lower Caves | Entered another Lower Caves area 11882 | -6/Lower Caves | Discovered exit to Factory (range 4) 11981 | -6/Lower Caves | Encountered a Warlord checkpoint 12017 | -6/Lower Caves | Identified exit to Data Miner 12221 | -6/Lower Caves | Entered Data Miner 12221 | -6/Data Miner | Discovered new exit (range 6) 12227 | -6/Data Miner | Met Data Miner 12236 | -6/Data Miner | Learned location of Section 7 (-2) 12236 | -6/Data Miner | Acquired the access code to Warlord's prototype stash 12241 | -6/Data Miner | Received God Mode back door access code from Data Miner 12250 | -6/Data Miner | Activated Chronowheel 12250 | -6/Data Miner | Spacetime reconverged on an earlier point 12257 | -6/Data Miner | Data Conduit disabled 12284 | -6/Data Miner | Identified exit to Proximity Caves 12284 | -6/Data Miner | Entered Proximity Caves 12910 | -5/Proximity Caves | Dug into a huge 0b10 base via an incomplete storage room 12987 | -5/Proximity Caves | Discovered exit to Factory (range 4) 12990 | -5/Proximity Caves | Entered Factory 12990 | -5/Factory | Evolved 2 slots: Utility x2 12991 | -5/Factory | Identified exit to Extension 12992 | -5/Factory | Loaded intel: 3 garrison access locations 13078 | -5/Factory | Repaired Lgt. Fission Core 13165 | -5/Factory | Repaired Exp. Sensor Array 13469 | -5/Factory | Found Exp. Signal Interpreter 13506 | -5/Factory | Identified exit to Upper Caves 13707 | -5/Factory | Build established: Wizard-Sprinter 13930 | -5/Factory | Fabricated Adv. Hacking Suite (x1) 13957 | -5/Factory | Fabricated Adv. Hacking Suite (x1) 13985 | -5/Factory | Fabricated Adv. Hacking Suite (x1) 14126 | -5/Factory | Fabricated Mni. Smartbomb Launcher (x1) 14180 | -5/Factory | Fabricated Adv. System Shield? 14255 | -5/Factory | Fabricated Adv. System Shield (x1) 14409 | -5/Factory | Discovered new exit (range 7) 14539 | -5/Factory | Fabricated Plasma Sword? 14683 | -5/Factory | Discovered new exit (range 5) 14686 | -5/Factory | Local fabrication network quarantined 14697 | -5/Factory | Spotted B-75 Beast 14839 | -5/Factory | Identified exit to Factory 14989 | -5/Factory | Discovered exit to Factory (range 5) 15117 | -5/Factory | Entered Upper Caves 15412 | -5/Upper Caves | Learned location of Armory (-3) 15609 | -5/Upper Caves | Discovered new exit (range 14) 15656 | -5/Upper Caves | Identified exit to Upper Caves 15656 | -5/Upper Caves | Entered another Upper Caves area 15848 | -5/Upper Caves | Discovered new exit (range 8) 15849 | -5/Upper Caves | Spotted MX-UWD(f) 15851 | -5/Upper Caves | Identified exit to Warlord 15851 | -5/Upper Caves | Entered Warlord 15860 | -5/Warlord | System corruption cleaned by Quarantine Array 15982 | -5/Warlord | Found Prototype Device 15982 | -5/Warlord | Identified Thermal Barrier 15986 | -5/Warlord | Found Prototype Processor 16057 | -5/Warlord | Opened side exit 16062 | -5/Warlord | Discovered new exit (range 9) 16064 | -5/Warlord | Identified exit to Proximity Caves 16064 | -5/Warlord | Entered Proximity Caves 16139 | -4/Proximity Caves | Discovered exit to Factory (range 6) 16140 | -4/Proximity Caves | Entered Factory 16140 | -4/Factory | Evolved 2 slots: Utility x2 16225 | -4/Factory | Identified exit to Upper Caves 16468 | -4/Factory | Fabricated Mni. Fusion Reactor (x1) 16516 | -4/Factory | Fabricated Mni. Fusion Reactor (x1) 16563 | -4/Factory | Fabricated Inertial Stasis Machine (x1) 16614 | -4/Factory | Repaired Imp. Light Armor Plating 16630 | -4/Factory | Spotted B-86 Titan 16734 | -4/Factory | Local fabrication network quarantined 16751 | -4/Factory | Fabricated Exp. Utility Shielding (x1) 16953 | -4/Factory | Discovered new exit (range 15) 17361 | -4/Factory | Repaired Plasma Sword? 17480 | -4/Factory | Central database locked down 17635 | -4/Factory | Identified exit to Research 17814 | -4/Factory | Found Prototype Hackware 17814 | -4/Factory | Identified Exp. System Shield 17830 | -4/Factory | Identified Spectral Analyzer 17994 | -4/Factory | Entered Upper Caves 17995 | -4/Upper Caves | Encountered a Warlord checkpoint 18057 | -4/Upper Caves | Learned Research terminal intel 18095 | -4/Upper Caves | Discovered new exit (range 10) 18098 | -4/Upper Caves | Identified exit to Upper Caves 18099 | -4/Upper Caves | Entered another Upper Caves area 18118 | -4/Upper Caves | Spotted RA-4CF(f) 18121 | -4/Upper Caves | Discovered exit to Research (range 3) 18123 | -4/Upper Caves | Encountered a Master Thief 18135 | -4/Upper Caves | Spotted VZ-OY0(f) 18136 | -4/Upper Caves | Encountered a Master Thief 18153 | -4/Upper Caves | Spotted B-86 Titan 18161 | -4/Upper Caves | Attracted the attention of an 0b10 checkpoint 18266 | -4/Upper Caves | Destroyed RA-4CF(f) 18276 | -4/Upper Caves | Discovered new exit (range 8) 18278 | -4/Upper Caves | Identified exit to Zhirov 18286 | -4/Upper Caves | Entered Zhirov 18286 | -4/Zhirov | Discovered new exit (range 3) 18292 | -4/Zhirov | Met Zhirov 18305 | -4/Zhirov | Learned location of Quarantine (-3) 18305 | -4/Zhirov | Learned location of Testing (-2) 18305 | -4/Zhirov | Learned location of Command (-1) 18306 | -4/Zhirov | Zhirov requested help retrieving the SGEMP Prototype 18310 | -4/Zhirov | Found Alien Artifact 18310 | -4/Zhirov | Identified Integrated Dissipator 18310 | -4/Zhirov | Installed Integrated Dissipator, increased core heat dissipation (+2%) 18317 | -4/Zhirov | Found Alien Artifact 18346 | -4/Zhirov | Identified exit to Proximity Caves 18346 | -4/Zhirov | Entered Proximity Caves 18606 | -3/Proximity Caves | Spotted B-86 Titan 18671 | -3/Proximity Caves | Spotted NU-HAX(f) 18672 | -3/Proximity Caves | Encountered a Master Thief 18695 | -3/Proximity Caves | Discovered exit to Research (range 8) 18700 | -3/Proximity Caves | Spotted XK-3QE(f) 18701 | -3/Proximity Caves | Encountered a Master Thief 18702 | -3/Proximity Caves | Entered Research 18702 | -3/Research | Evolved 2 slots: Utility x2 18703 | -3/Research | Identified exit to Armory 18703 | -3/Research | Identified exit to Quarantine 18704 | -3/Research | Loaded intel: 20 terminal locations 19326 | -3/Research | Identified Transdimensional Reconstructor 19386 | -3/Research | Found Prototype Slashing Weapon 19386 | -3/Research | Identified Molecular Scythe 19394 | -3/Research | Found Enh. Force Lance 19511 | -3/Research | Spotted B-86 Titan 19607 | -3/Research | Discovered new exit (range 15) 19610 | -3/Research | Identified exit to Research 19635 | -3/Research | Found Exp. Melee Analysis Suite 19636 | -3/Research | Fabricated Dimensional Manipulator? 19664 | -3/Research | Fabricated Exp. Actuator Array? 19734 | -3/Research | Fabricated Dimensional Manipulator (x1) 19789 | -3/Research | Fabricated Dimensional Manipulator (x1) 19790 | -3/Research | Adv. Hacking Suite fried by hacking feedback 19845 | -3/Research | Fabricated Femtoactuators (x1) 19885 | -3/Research | Local fabrication network quarantined 20036 | -3/Research | Repaired Mni. Fusion Reactor? 20102 | -3/Research | Repaired Imp. Diametric Drive 20147 | -3/Research | Repaired Plasma Sword 20299 | -3/Research | Discovered exit to Research (range 12) 20339 | -3/Research | Entered Quarantine 20354 | -3/Quarantine | Found Alien Artifact 20525 | -3/Quarantine | Found Exp. Hacking Suite 20573 | -3/Quarantine | Cryocooling Duct disabled 20588 | -3/Quarantine | Ambient heat levels rising (+20) 20588 | -3/Quarantine | Non-combat units ordered to evacuate 20599 | -3/Quarantine | Found Alien Slashing Weapon 20699 | -3/Quarantine | Found Transdimensional Reconstructor 20714 | -3/Quarantine | Found Alien Artifact 20714 | -3/Quarantine | Identified Phase Redirector 20747 | -3/Quarantine | Identified Subatomic Replicator 20922 | -3/Quarantine | Repaired Mni. Smartbomb Launcher? 21026 | -3/Quarantine | Repaired Exp. Utility Shielding 21101 | -3/Quarantine | Spotted Alpha 7 21177 | -3/Quarantine | Found Alien Artifact 21185 | -3/Quarantine | Identified Core Reset Matrix 21185 | -3/Quarantine | Identified Sigix Broadsword 21220 | -3/Quarantine | Entered Research 21220 | -2/Research | Evolved 2 slots: Utility x2 21254 | -2/Research | Fabricated Imp. Fusion Compressor (x1) 21354 | -2/Research | Identified exit to Testing 21439 | -2/Research | Repaired Exp. Cesium-ion Thruster 21530 | -2/Research | Fabricated Plasma Lance (x1) 21564 | -2/Research | Fabricated Plasma Lance (x1) 21618 | -2/Research | Spotted B-90 Cyclops 21777 | -2/Research | Fabricated Exp. Armor Integrity Analyzer (x1) 21800 | -2/Research | Fabricated Adv. Powered Armor (x1) 21852 | -2/Research | Discovered new exit (range 12) 21980 | -2/Research | Repaired Mni. Fusion Reactor 22026 | -2/Research | Local fabrication network quarantined 22030 | -2/Research | Identified exit to Access 22047 | -2/Research | Entered Testing 22056 | -2/Testing | Found Prototype Energy Cannon 22056 | -2/Testing | Identified Cld. Nova Cannon 22077 | -2/Testing | Found Prototype Energy Cannon 22077 | -2/Testing | Identified Null Cannon 22150 | -2/Testing | Spotted PG-XSG9FV8V2P 22168 | -2/Testing | Fabricated Exp. Force Field (x1) 22194 | -2/Testing | Fabricated Adv. Reaction Control System (x1) 22299 | -2/Testing | Protovariant out of control (PG-XSG9FV8V2P) 22299 | -2/Testing | Unleashed a protovariant (PG-XSG9FV8V2P) 22432 | -2/Testing | Repaired Mni. Fusion Reactor 22442 | -2/Testing | Local fabrication network quarantined 22645 | -2/Testing | Spotted Fortress 22661 | -2/Testing | Discovered new exit (range 6) 22662 | -2/Testing | Identified exit to Section 7 22677 | -2/Testing | Entered Section 7 22681 | -2/Section 7 | Spotted S7 Guard 22791 | -2/Section 7 | Found Integrated Dissipator 22791 | -2/Section 7 | Installed Integrated Dissipator, increased core heat dissipation (+2%) 23174 | -2/Section 7 | Repaired Exp. Utility Shielding 23224 | -2/Section 7 | Repaired Mni. Fusion Reactor 23604 | -2/Section 7 | Found Alien Artifact 23646 | -2/Section 7 | Identified Core Regenerator 23706 | -2/Section 7 | Spotted S7 Guard 23708 | -2/Section 7 | Found Alien Artifact 23717 | -2/Section 7 | Identified Integrated Heat Negator 23717 | -2/Section 7 | Installed Integrated Heat Negator, increased core heat dissipation (+2%) 23793 | -2/Section 7 | Found Alien Artifact 23940 | -2/Section 7 | Identified Integrated Reactor 24003 | -2/Section 7 | Found Exp. Hacking Suite 24030 | -2/Section 7 | Spotted Alpha 7 24078 | -2/Section 7 | Spotted B-99 Colossus 24093 | -2/Section 7 | Found Alien Artifact 24093 | -2/Section 7 | Identified LRC Matter Compressor 24093 | -2/Section 7 | Installed LRC Matter Compressor, increased matter storage capacity (+125) 24096 | -2/Section 7 | Found Alien Artifact 24096 | -2/Section 7 | Identified LRC Armor 24096 | -2/Section 7 | Installed LRC Armor, increased core integrity (+250) 24111 | -2/Section 7 | Found Alien Artifact 24114 | -2/Section 7 | Identified Integrity Redistributor 24114 | -2/Section 7 | Used Integrity Redistributor, redistributed integrity from core (-23) 24117 | -2/Section 7 | Found Integrity Redistributor 24155 | -2/Section 7 | Used Subatomic Replicator to replicate Integrated Reactor 24157 | -2/Section 7 | Installed Integrated Reactor, increased core energy generation (+2%) 24158 | -2/Section 7 | Installed Integrated Reactor, increased core energy generation (+2%) 24240 | -2/Section 7 | Repaired Exp. Utility Shielding 24402 | -2/Section 7 | Entered Access 24402 | -1/Access | Evolved 2 slots: Utility x2 24567 | -1/Access | Identified exit to Command 24654 | -1/Access | Fabricated Exp. Melee Analysis Suite (x1) 24755 | -1/Access | Fabricated Exp. Melee Analysis Suite? 24799 | -1/Access | Fabricated Exp. Melee Analysis Suite (x1) 25125 | -1/Access | Fabricated Adv. Powered Armor (x1) 25150 | -1/Access | Fabricated Exp. Utility Shielding (x1) 25438 | -1/Access | Build established: Machinist-Sprinter 25457 | -1/Access | Fabricated Plasma Lance (x1) 25689 | -1/Access | Local fabrication network quarantined 25694 | -1/Access | Entered Command 26123 | -1/Command | Phase Generator disabled 26124 | -1/Command | Destroyed 8 combat bots 26480 | -1/Command | First assault squad dispatched 26586 | -1/Command | Destroyed 8 combat bots 26720 | -1/Command | Spotted Combat Programmer 26814 | -1/Command | Met MAIN.C 26821 | -1/Command | 0b10 Conduit disabled 26843 | -1/Command | Destroyed MAIN.C Shell 26844 | -1/Command | MAIN.C activated Command garrisons 26862 | -1/Command | Spotted Combat Programmer 26874 | -1/Command | Spotted M Guard 26880 | -1/Command | Spotted M Guard 26882 | -1/Command | Destroyed MAIN.C 26885 | -1/Command | Found Prototype Protection 26891 | -1/Command | System corruption reached 10% 26921 | -1/Command | Lost 6 parts (6u) 27391 | -1/Command | Found Fusion Bomb Launcher 27396 | -1/Command | Identified Exp. Powered Armor 27401 | -1/Command | Found Exp. Actuator Array 27490 | -1/Command | Found Prototype Device 27490 | -1/Command | Identified Adv. Kinecellerator 27500 | -1/Command | Discovered new exit (range 8) 27511 | -1/Command | Found Prototype Processor 27511 | -1/Command | Identified Exp. Core Analyzer 27514 | -1/Command | Used Integrity Redistributor, redistributed integrity from core (-115) 27603 | -1/Command | Warped through subspace to slip node 27603 | -1/Command | Discovered new exit (range 4) 27605 | -1/Command | Identified exit to Access_0 27612 | -1/Command | Entered Access_0 27613 | -1/Access_0 | Met Architect 27635 | -1/Access_0 | Architect warped through subspace 27640 | -1/Access_0 | Destroyed A8 27646 | -1/Access_0 | Found Lgt. Regenerative Plating 27654 | -1/Access_0 | Found Nanosword 27679 | -1/Access_0 | Architect warped through subspace 27710 | -1/Access_0 | A6 warped into view 27717 | -1/Access_0 | Architect warped through subspace 27726 | -1/Access_0 | Subspace Access Node disabled 27762 | -1/Access_0 | Destroyed A6 27769 | -1/Access_0 | Architect warped through subspace 27769 | -1/Access_0 | Core integrity fell below 50% 27770 | -1/Access_0 | Found Exp. Melee Analysis Suite 27800 | -1/Access_0 | Architect warped through subspace 27814 | -1/Access_0 | A5 warped into view 27843 | -1/Access_0 | Lost 13 parts (2p1n9u1w) 27845 | -1/Access_0 | Architect warped through subspace 27872 | -1/Access_0 | Core integrity fell below 20% 27877 | -1/Access_0 | Destroyed A2 27879 | -1/Access_0 | Extracted Singularity Gate Test 138-C access codes from A2's data core 27890 | -1/Access_0 | Started Test 138-B, establishing a local singularity 27890 | -1/Access_0 | Started Test 138-C, cascade imminent 27890 | *** | Destroyed Tau Ceti IV! Last Messages --------------- 27882_ Exp. Melee Analysis Suite destroyed. 27883_ System corrupted: Matter fused (-6). 27883_ HV Slug penetrates Wall. 27890_ Connecting with Gate Controls... >>Gate Test 138-A Running Singularity Gate diagnostics... All systems nominal. >>Gate Test 138-B Preparing Singularity Gate activation... Stable singularity established. >>Gate Test 138-C Initiating Test 138-C... Warning: Experimental formulas incomplete. Potential effects include instability. Repeat command to confirm test. >>Gate Test 138-C Initiating Test 138-C... Applying incomplete calculations.... INSTABILITY DETECTED, CASCADE IMMINENT. [Achievement: Inspector Gadget] Map ----- +----------------------------------------------------+ | ?????????????????????????????????????????????????? | | ?????????????????????????????????????????????????? | | ?????????????????????????????????????????????????? | | ?????????????????????????????????????????????????? | | ?????????????????????????????????????????????????? | | ?????????????????????????????????????????????????? | | ?????????????????????????????????????????????????? | | ?????????????????????????????????????????????????? | | ?????????????????????????????????????????????????? | | ?????????????????????????????????????????????????? | | ??????????????????????? ????????????????????????? | | ????????????????????? ????????????????????????? | | ???????????????????" """"????????????????????? | | ????????????????"""" """"????????????????????? | | ????????????????" "????????????????????? | | ???????????????"" "????????????????????? | | ???????????????"" ""?? ???????????????? | | ???????????????#" "#?# #??????????????? | | ???????????????#" "#?# #??????????????? | | ???????????????#" "#?# #??????????????? | | ???????????????#" "#?# #??????????????? | | ??????????????##" "### #??????????????? | | ??????????????#"" ""## #??????###???### | | ??????????????#"" ""## #????###"#####"# | | ???????????????#" "#?# #????#"" """"" " | | ????????????????"""" @A""### ######" | | ????????????????"""" """""## | | ????????????????#### ####### !! | | ???????????????????# #?# #"# #""""" [ = | | ???????????????????# #?# "" " #"" """"%! | | ???????????????????# ### ######"#####"# | | ?????????????????### #" ##????###???### | | ?????????????????# #####?????????????? | | ?????????????????# #?????????????????? | | ?????????????????# ####### #????????????????? | | ?????????????????# ??????### #????????????????? | | ?????????????????# ?????????# #???????????????? | | ?????????????????# ????????? ?????????????? | | ????????????????? ?????????? ## ???????????? | | ????????????????#??????????? #?? ??????????? | | ??????????????????????????? #??? ?????????? | | ???????????????????????????## #???? ?????????? | | ????????????????????????????# #????? ?????????? | | ???????????????????????????? ## ??????????????# | | ???????????????????????????? ?? ??????????????## | | ???????????????????????????? ?? ??????????????? | | ???????????????????????????? ?? ????????????????? | | ?????????????????????????????????????????????????? | | ?????????????????????????????????????????????????? | | ?????????????????????????????????????????????????? | +----------------------------------------------------+ Best States ------------- Heat Dissipation 132 Coolant Potential 50 Energy Generation 47 Energy Capacity 2130 Matter Stores 425 Matter Capacity 425 Sight Range 16 Robot Scan Range 30 Terrain Scan Density 10 Power Amplification 40 Additional Mass Support 75 Armor Coverage 800 Utility Shielding 90 Melee Speed Boost 50 Phase Shifting 15 Evasion (%) 93 Targeting Accuracy 8 Melee Accuracy 54 Core Analysis 15 Armor Integrity Analysis 90 Recoil Reduction 2 Offensive Hacking 70 Defensive Hacking 44 Item Schematics ----------------- Hacking Suite | -9/Materials | Scanalyzed Imp. Flight Unit | -9/Materials | Scanalyzed System Shield | -8/Materials | Hacked Spear | -7/Factory | Hacked Imp. Cesium-ion Thruster | -7/Factory | Scanalyzed Imp. Hacking Suite | -6/Factory | Hacked Exp. Sensor Array | -6/Factory | Hacked Exp. Utility Shielding | -6/Factory | Hacked Mni. Smartbomb Launcher | -6/Factory | Hacked Exp. Cesium-ion Thruster | -6/Factory | Hacked Exp. Signal Interpreter | -6/Factory | Hacked Combat Drone Bay | -6/Data Miner | Free Lgt. Regenerative Plating | -6/Data Miner | Free Exp. Transmission Jammer | -6/Data Miner | Free Plasma Sword | -6/Data Miner | Free Kinetic Spear | -6/Data Miner | Free Cmb. Gravmag System | -6/Data Miner | Free Exp. Terrain Scanner | -6/Data Miner | Free Adv. Hacking Suite | -5/Factory | Hacked Adv. System Shield | -5/Factory | Hacked Gravity Neutralizing Apparatus | -5/Factory | Hacked Exp. Melee Analysis Suite | -4/Factory | Hacked Mni. Fusion Reactor | -4/Factory | Hacked Imp. Fusion Compressor | -4/Factory | Hacked Adv. Powered Armor | -4/Factory | Hacked Plasma Lance | -4/Factory | Hacked Inertial Stasis Machine | -4/Factory | Hacked Quantum Shading Machine | -4/Factory | Hacked Assault Drone Bay | -4/Zhirov | Free Exp. Heat Sink | -4/Zhirov | Free Exp. Optical Array | -4/Zhirov | Free Imp. Arc Thrower | -4/Zhirov | Free Exp. Armor Integrity Analyzer | -3/Research | Hacked Femtoactuators | -3/Research | Hacked Dimensional Manipulator | -3/Research | Hacked Exp. Force Field | -3/Research | Hacked Exp. Phase Shifter | -3/Research | Hacked Imp. Remote Force Field | -3/Research | Hacked Adv. Reaction Control System | -3/Research | Hacked Cld. Q-thruster | -3/Research | Hacked Exp. Q-thruster | -3/Research | Hacked Robot Schematics ------------------ None Fabricated ------------ Spear | x2 | -7/Factory Hacking Suite | x1 | -7/Factory Exp. Cesium-ion Thruster | x1 | -6/Factory Exp. Cesium-ion Thruster | x1 | -6/Factory Exp. Cesium-ion Thruster | x1 | -6/Factory Adv. Hacking Suite | x1 | -5/Factory Adv. Hacking Suite | x1 | -5/Factory Adv. Hacking Suite | x1 | -5/Factory Mni. Smartbomb Launcher | x1 | -5/Factory Adv. System Shield | x1 | -5/Factory Adv. System Shield | x1 | -5/Factory Plasma Sword | x1 | -5/Factory Mni. Fusion Reactor | x1 | -4/Factory Mni. Fusion Reactor | x1 | -4/Factory Inertial Stasis Machine | x1 | -4/Factory Exp. Utility Shielding | x1 | -4/Factory Dimensional Manipulator | x1 | -3/Research Exp. Actuator Array | x1 | -3/Research | Preloaded Dimensional Manipulator | x1 | -3/Research Dimensional Manipulator | x1 | -3/Research Femtoactuators | x1 | -3/Research Imp. Fusion Compressor | x1 | -2/Research Plasma Lance | x1 | -2/Research Plasma Lance | x1 | -2/Research Exp. Armor Integrity Analyzer | x1 | -2/Research Adv. Powered Armor | x1 | -2/Research Exp. Force Field | x1 | -2/Testing Adv. Reaction Control System | x1 | -2/Testing Exp. Melee Analysis Suite | x1 | -1/Access Exp. Melee Analysis Suite | x1 | -1/Access Exp. Melee Analysis Suite | x1 | -1/Access Adv. Powered Armor | x1 | -1/Access Exp. Utility Shielding | x1 | -1/Access Plasma Lance | x1 | -1/Access Alien Tech Used ----------------- Integrated Dissipator Phase Redirector Integrated Heat Negator LRC Matter Compressor LRC Armor Integrity Redistributor Subatomic Replicator Integrated Reactor Transdimensional Reconstructor Achievements -------------- Inspector Gadget Challenges ------------ None Game ------ Seed StorageThermalPurifier Manual? 0 Play Time 05:33:37 Cumulative 797.4 hours Start 2020.04.25 @ 11:04:58 End 2020.04.25 @ 23:36:08 Sessions 9 Manual Loads 0 Difficulty Rogue Special Mode None Game No. 677 Rogue 637 Adventurer 40 Explorer 0 Win Type 5 Total 76 Types 52/2/16/2/0/2/2 Lore% 93 Gallery% 96 Achievement% 78 Wizard Run 0 Options --------- ASCII 0 Keyboard 0 Movement Numpad Keybinds 0 Fullscreen 0 Font 16/Terminus Map View 76x50 Tactical HUD 1 Map Filters NONE Filters NONE Steam 1 RUN: 72f7cf36-84ba-4a45-a332-0c6e26c5bde2